 Dungeon Crawl Stone Soup version 0.24-a0-411-g4df2b1290f (webtiles) character file.

Game seed: 9757595603062474121

1008950 JellyEater the Conqueror (level 27, -10/199 HPs)
             Began as a Gargoyle Earth Elementalist on May 30, 2019.
             Was the Champion of Vehumet.
             Mangled by Ysiqoask the pandemonium lord (47 damage)
             ... while paralysed by Ysiqoask
             ... on level 16 of a ziggurat on June 6, 2019.
             The game lasted 08:31:49 (118309 turns).

JellyEater the Conqueror (GrEE)                   Turns: 118309, Time: 08:31:49

Health: -10/199    AC:  0    Str: 14    XL:     27
Magic:  54/54      EV:  3    Int: 27    God:    Vehumet [******]
Gold:   12712      SH:  0    Dex: 15    Spells: 15/80 levels left

rFire    . . .     SeeInvis .   (weapon currently unavailable)
rCold    . . .     Gourm    +   (shield currently unavailable)
rNeg     + . .     Faith    .   (armour currently unavailable)
rPois    ∞         Spirit   .   (helmet currently unavailable)
rElec    .         Reflect  .   (cloak currently unavailable)
rCorr    .         Harm     .   (gloves currently unavailable)
MR       ++...     Clarity  +   (boots currently unavailable)
Stlth    +++.......             l - amulet of the gourmand
HPRegen  0.43/turn              (ring currently unavailable)
MPRegen  0.34/turn              (ring currently unavailable)

@: paralysed, agile, pig-form (expiring), flying, hasted, very quick
A: small, clarity, negative energy resistance 1, screaming 1, petrification
resistance, rot immunity, AC +20
}: 4/15 runes: serpentine, barnacled, slimy, silver
a: Renounce Religion


You were on level 16 of a ziggurat.
You worshipped Vehumet.
Vehumet was exalted by your worship.
You were completely stuffed.
You were a filthy swine.
You visited 12 branches of the dungeon, and saw 58 of its levels.
You visited 2 ziggurats (completing 1), and saw 43 of their levels.
You also visited: Trove, Ossuary, Ice Cave, Volcano, Wizlab and Desolation.

You collected 14731 gold pieces.
You spent 2019 gold pieces at shops.

Inventory:

Hand Weapons
 b - the +10 morningstar "Eos" {elec, Halo rElec}
   (You found it on level 8 of a ziggurat)

   Occasionally, upon striking a foe, it will discharge some electrical energy
   and cause terrible harm.
   It insulates you from electricity.
 s - the +4 mace of the Beginning (melded) {drain, rPois Int+6}
   (You found it on level 9 of the Dungeon)

   A truly terrible weapon, it drains the life of those it strikes.
   It affects your intelligence (+6).
   It protects you from poison.
Missiles
 F - 29 throwing nets (quivered)
 Q - 242 silver javelins
Armour
 a - the +0 cloak of the Disturbing Dreams (melded) {rN+ MR++ Str+4}
   (You found it in a treasure trove)

   It affects your strength (+4).
   It protects you from negative energy.
   It affects your resistance to hostile enchantments.
 h - the +0 mask of the Dragon (melded) {MR+ Slay+3 SInv}
   (You found it on level 4 of the Realm of Zot)

   It affects your accuracy and damage with ranged weapons and melee attacks
   (+3).
   It affects your resistance to hostile enchantments.
   It lets you see invisible.
 i - the +3 buckler of Resilience (melded) {rCorr Dex+3 Stlth+}
   (You bought it in a shop on level 2 of the Orcish Mines)

   It affects your dexterity (+3).
   It provides partial protection from all sources of acid and corrosion.
   It makes you more stealthy.
 r - the +2 pair of boots of the Assassin (melded) {Detection Stab+ Stlth++}
   (You found it on level 1 of the Shoals)

   It makes you much more stealthy.
 t - a +2 pair of gloves of strength (melded)
 P - the -2 hat of the Alchemist {rElec rPois rF+ rC+ rN+ MR+ rMut rCorr}
   (You found it on level 21 of a ziggurat)

   It protects you from fire.
   It protects you from cold.
   It insulates you from electricity.
   It protects you from poison.
   It protects you from negative energy.
   It affects your resistance to hostile enchantments.
   It provides partial protection from all sources of acid and corrosion.
   It protects you from mutation.
 Y - the +7 faerie dragon scales (melded) {+Inv rC- rN+ rCorr Str+3 Clar}
   (You took it off the Enchantress on level 3 of the Depths)

   It affects your strength (+3).
   It makes you vulnerable to cold.
   It protects you from negative energy.
   It lets you turn invisible.
   It protects you against confusion.
   It provides partial protection from all sources of acid and corrosion.
Magical Staves
 c - an uncursed staff of earth
 o - an uncursed staff of cold
 J - an uncursed staff of energy
Jewellery
 f - the ring of Phasing (melded) {EV+8}
   (You found it on level 13 of a ziggurat)

   [ring of evasion]

   It affects your evasion (+8).
 l - an amulet of the gourmand (around neck)
 p - the ring of Plog {MR+ Str+2 Slay+3 SInv}
   (You found it on level 26 of a ziggurat)

   [ring of slaying]

   It affects your strength (+2).
   It affects your accuracy and damage with ranged weapons and melee attacks
   (+3).
   It affects your resistance to hostile enchantments.
   It lets you see invisible.
 u - the ring of the Mage (melded) {Wiz MR++ Int+3}
   (You found it on level 10 of a ziggurat)

   [ring of wizardry]

   It improves your spell success rate.
   It affects your intelligence (+3).
   It affects your resistance to hostile enchantments.
Wands
 q - a wand of clouds (5)
 C - a wand of disintegration (128)
 E - a wand of scattershot (5)
 G - a wand of acid (42)
 W - a wand of iceblast (44)
Scrolls
 j - 12 scrolls of blinking
 k - 23 scrolls of amnesia
 m - 59 scrolls of remove curse
 n - 13 scrolls of magic mapping
 v - 12 scrolls of identify
 w - 3 scrolls of holy word
 y - 24 scrolls of teleportation
 A - 19 scrolls of fog
 O - a scroll of enchant armour
Potions
 e - 3 potions of cancellation
 g - 11 potions of heal wounds
 x - 4 potions of invisibility
 z - 17 potions of mutation
 D - a potion of agility
 K - 10 potions of resistance
 N - 16 potions of curing
 S - 3 potions of haste
 U - 4 potions of might
 V - 5 potions of ambrosia
Miscellaneous
 B - 10 boxes of beasts
 H - a lamp of fire
 M - 10 phantom mirrors
Comestibles
 d - 57 rations


   Skills:
 O Level 27 Fighting
 - Level 14.0 Maces & Flails
 - Level 8.0 Armour
 - Level 16.0 Dodging
 - Level 2.1 Stealth
 - Level 5.0 Shields
 O Level 27 Spellcasting
 + Level 19.3 Conjurations
 - Level 18.0 Necromancy
 - Level 5.0 Transmutations
 + Level 23.8 Fire Magic
 + Level 23.8 Ice Magic
 + Level 24.5 Earth Magic
 - Level 16.2 Evocations


You had 15 spell levels left.
You knew the following spells:

 Your Spells              Type           Power        Failure   Level  Hunger
a - Shatter               Erth           ########..   1%          9    #####..
c - Lee's Rapid Deconstr  Erth           ########..   0%          5    None
d - Iron Shot             Conj/Erth      ########..   0%          6    None
e - Necromutation         Tmut/Necr      #######...   41%         8    ####...
f - Bolt of Fire          Conj/Fire      ########..   0%          6    None
g - Ignition              Fire           ########..   1%          8    ####...
i - Glaciate              Conj/Ice       ########..   3%          9    #####..
j - Fire Storm            Conj/Fire      ########..   3%          9    #####..
k - Dispel Undead         Necr           #######.     0%          5    None

Your spell library contained the following spells:

 Spells                   Type           Power        Failure   Level  Hunger
 Lehudib's Crystal Spear  Conj/Erth      ########..   1%          8    ####...
 Animate Skeleton         Necr           N/A          0%          1    None
 Flame Tongue             Conj/Fire      #####        0%          1    None
 Freeze                   Ice            ####         0%          1    None
 Magic Dart               Conj           ####         0%          1    None
 Pain                     Necr           ####         0%          1    None
 Sandblast                Erth           ######       0%          1    None
 Shock                    Conj/Air       ####         0%          1    None
 Sting                    Conj/Pois      ####         0%          1    None
 Corpse Rot               Necr           N/A          0%          2    None
 Ensorcelled Hibernation  Hex/Ice        ######       0%          2    None
 Passwall                 Tmut/Erth      #######.     0%          2    None
 Searing Ray              Conj           ######       0%          2    None
 Throw Flame              Conj/Fire      ######       0%          2    None
 Throw Frost              Conj/Ice       ######       0%          2    None
 Conjure Flame            Conj/Fire      ########     0%          3    None
 Inner Flame              Hex/Fire       #######.     0%          3    None
 Ozocubu's Armour         Chrm/Ice       #######.     0%          3    None
 Stone Arrow              Conj/Erth      ######       0%          3    None
 Vampiric Draining        Necr           #######...   0%          3    None
 Animate Dead             Necr           N/A          0%          4    None
 Iskenderun's Mystic Bla  Conj           #######.     0%          4    None
 Sticky Flame             Conj/Fire      ########     0%          4    None
 Throw Icicle             Conj/Ice       ########     0%          4    None
 Agony                    Necr           #######.     0%          5    None
 Bolt of Draining         Conj/Necr      #######...   0%          5    None
 Bolt of Magma            Conj/Fire/Erth ########..   0%          5    None
 Borgnjor's Vile Clutch   Necr/Erth      ########..   0%          5    None
 Fireball                 Conj/Fire      ########..   0%          5    None
 Bolt of Cold             Conj/Ice       ########..   0%          6    None
 Ozocubu's Refrigeration  Ice            ########..   0%          6    None
 Apportation              Tloc           #####.       1%          1    None
 Beastly Appendage        Tmut           ######       1%          1    None
 Confusing Touch          Hex            #####.       1%          1    None
 Corona                   Hex            #####..      1%          1    None
 Infusion                 Chrm           ####         1%          1    None
 Summon Butterflies       Summ           #####...     1%          1    None
 Summon Small Mammal      Summ           ####         1%          1    None
 Blink                    Tloc           N/A          1%          2    None
 Call Imp                 Summ           #####...     1%          2    None
 Poisonous Vapours        Pois/Air       #####.       1%          2    None
 Shroud of Golubria       Chrm/Tloc      #####.       1%          2    None
 Slow                     Hex            #####...     1%          2    None
 Song of Slaying          Chrm           #####...     1%          2    None
 Sticks to Snakes         Tmut           ######..     1%          2    None
 Swiftness                Chrm/Air       #####...     1%          2    None
 Dazzling Spray           Conj/Hex       ######       1%          3    None
 Ignite Poison            Fire/Tmut/Pois ######..     1%          3    None
 Mephitic Cloud           Conj/Pois/Air  ######..     1%          3    None
 Regeneration             Chrm/Necr      ######....   1%          3    None
 Spider Form              Tmut/Pois      #####.....   1%          3    None
 Static Discharge         Conj/Air       ######..     1%          3    None
 Force Lance              Conj/Tloc      ######..     1%          4    None
 Fulminant Prism          Conj/Hex       ######....   1%          4    None
 Ice Form                 Ice/Tmut       #######.     1%          4    None
 Leda's Liquefaction      Hex/Erth       #######...   1%          4    None
 Petrify                  Tmut/Erth      #######.     1%          4    None
 Summon Ice Beast         Ice/Summ       #######.     1%          4    None
 Excruciating Wounds      Chrm/Necr      ######....   1%          5    None
 Irradiate                Conj/Tmut      #######...   1%          5    None
 Iskenderun's Battlesphe  Conj/Chrm      ######..     1%          5    None
 Lightning Bolt           Conj/Air       ######....   1%          5    None
 Metabolic Englaciation   Hex/Ice        #######...   1%          5    None
 Venom Bolt               Conj/Pois      ######....   1%          5    None
 Conjure Ball Lightning   Conj/Air       ######....   1%          6    None
 Death Channel            Necr           #######...   1%          6    None
 Freezing Cloud           Conj/Ice/Air   #######...   1%          6    None
 Poison Arrow             Conj/Pois      ######....   1%          6    None
 Simulacrum               Ice/Necr       #######...   1%          6    None
 Orb of Destruction       Conj           #######...   1%          7    None
 Call Canine Familiar     Summ           #####...     2%          3    None
 Confuse                  Hex            #####...     2%          3    None
 Gell's Gravitas          Tloc           #####.....   2%          3    None
 Lesser Beckoning         Tloc           #####.....   2%          3    None
 Portal Projectile        Hex/Tloc       #####.       2%          3    None
 Recall                   Summ/Tloc      N/A          2%          3    None
 Summon Guardian Golem    Hex/Summ       #####...     2%          3    None
 Teleport Other           Tloc           #####...     2%          3    None
 Tukima's Dance           Hex            #####...     2%          3    None
 Airstrike                Air            #####.....   2%          4    None
 Olgreb's Toxic Radiance  Pois           #####...     2%          4    None
 Blade Hands              Tmut           ######....   2%          5    None
 Yara's Violent Unravell  Hex/Tmut       #####.....   2%          5    None
 Spellforged Servitor     Conj/Summ      ######....   3%          7    None
 Borgnjor's Revivificati  Necr           #######...   3%          8    ####...
 Infestation              Necr           #######...   3%          8    ####...
 Ring of Flames           Chrm/Fire      #######...   4%          7    None
 Cause Fear               Hex            #####.....   8%          4    None
 Passage of Golubria      Tloc           N/A          8%          4    None
 Summon Lightning Spire   Summ/Air       #####...     8%          4    None
 Alistair's Intoxication  Tmut/Pois      #####...     8%          5    None
 Hydra Form               Tmut           ######....   14%         6    None
 Haunt                    Necr/Summ      ######....   16%         7    None
 Aura of Abjuration       Summ           #####.....   21%         5    None
 Silence                  Hex/Air        #####.....   21%         5    None
 Summon Demon             Summ           #####.....   21%         5    None
 Summon Forest            Summ/Tloc      #####.....   21%         5    None
 Summon Mana Viper        Hex/Summ       #####...     21%         5    None
 Chain Lightning          Conj/Air       ######....   24%         8    ####...
 Dragon Form              Tmut           ######....   63%         7    None
 Darkness                 Hex            #####.....   75%         6    None
 Deflect Missiles         Chrm/Air       #####.....   75%         6    None
 Dispersal                Tloc           #####.....   75%         6    None
 Invisibility             Hex            #####...     75%         6    None
 Shadow Creatures         Summ           N/A          75%         6    None
 Death's Door             Chrm/Necr      ######....   77%         8    ####...
 Malign Gateway           Summ/Tloc      #####.....   99%         7    None
 Monstrous Menagerie      Summ           #####.....   99%         7    None
 Summon Greater Demon     Summ           #####.....   99%         7    None
 Summon Hydra             Summ           #####.....   99%         7    None
 Controlled Blink         Tloc           N/A          100%        8    ####...
 Discord                  Hex            #####.....   100%        8    ####...
 Disjunction              Tloc           #####.....   100%        8    ####...
 Summon Horrible Things   Summ           #####.....   100%        8    ####...
 Dragon's Call            Summ           #####.....   100%        9    #####..
 Tornado                  Air            #####.....   100%        9    #####..
 Sublimation of Blood     Necr           Unusable     N/A         2    N/A
 Statue Form              Tmut/Erth      Unusable     N/A         6    N/A

Dungeon Overview and Level Annotations

Branches:
Dungeon (15/15)            Temple (1/1) D:7            Lair (6/6) D:8
 Shoals (4/4) Lair:3        Snake (4/4) Lair:4        Slime (5/5) Lair:5
    Orc (2/2) D:11            Elf (3/3) Orc:2        Vaults (5/5) D:14
  Crypt (3/3) Vaults:2       Tomb (0/3) Crypt:3      Depths (5/5) D:15
    Zot (5/5) Depths:5

Altars:
Ashenzari
Cheibriados
Dithmenos
Elyvilon
Fedhas
Gozag
Hepliaklqana
Kikubaaqudgha
Makhleb
Nemelex Xobeh
Okawaru
Qazlal
Ru
Sif Muna
Trog
Uskayaw
Vehumet
Wu Jian
Xom
Yredelemnul
Zin
The Shining One
Beogh

Shops:
Orc:2 [(!!   Elf:2 *   Shoals:1 (   Shoals:4 (   Snake:2 %   Snake:4 (}
Vaults:5 %

Portals:
Hell: Depths:1 Depths:2 Depths:3 Depths:4 Depths:5
Abyss: Depths:4 Depths:5
Pandemonium: Depths:2 Depths:3

Annotations:
Shoals:1 1 runed translucent door, buki's ghost, adept DsNe
Snake:3 3 runed translucent doors, D1HalberdGnoll's ghost, adept DrTm
Elf:1 3 runed translucent doors, Feoruemp's ghost, journeyman CeHu
Elf:2 5 runed translucent doors


Innate Abilities, Weirdness & Mutations

You are resistant to torment.
((Your stone body is resilient. (AC +20)))
You are immune to poison.
((Your large and strong wings let you fly indefinitely.))
You resist negative energy. (rN+)
((You are resistant to electric shocks. (rElec)))
((You can survive without breathing.))
You are immune to petrification.
You are immune to rotting.
((You have razor-sharp toenails.))
You possess an exceptional clarity of mind.
((Your flesh is cold resistant. (rC+)))
((Your flesh is heat resistant. (rF+)))
You occasionally shout uncontrollably at your foes.


Message History

Unknown command.
Dacemp gestures.
Dacemp gestures.
Ysiqoask sneers, "Fly, thou mewling bat-fowling jarkman!"
There is an empty arch of ancient stone here.
As you read the scroll of fog, it crumbles to dust.
The scroll dissolves into smoke.
You start resting.
Ysiqoask is too close now for your liking.
Ysiqoask is nearby!
Ysiqoask hits you!!!
You suddenly lose the ability to move!
You hear a trumpeting!
Ysiqoask hits you!!!
You blink.
A minotaur comes into view.
Your transformation is almost over.
Ysiqoask completely misses you. Ysiqoask hits you!!!
* * * LOW HITPOINT WARNING * * *
You hear a trumpeting!
You hear a shout! x2
Ysiqoask hits you!!!
You die...

...........▓
...........▓▓▓▓▓▓▓▓▓
.............§§.§§§▓
.............§.§§§§▓
.4...........§§§§&§▓
..D..........§§§h§.▓
............§§§§.§.▓
........&...H...§.∩▓
.)..............§..▓
...................▓
...................▓
...................▓
...................▓
...........▓▓▓▓▓▓▓▓▓


You could see Ysiqoask.

Vanquished Creatures
  the Royal Jelly (Slime:5)
  3 orbs of fire (Zot:5)
  7 ancient liches
  3 juggernauts
  34 greater mummies
  18 Killer Klowns
  Margery (Depths:3)
  A caustic shrike (Depths:2)
  Vashnia (Snake:3)
  6 curse toes
  30 golden dragons
  A profane servitor (Crypt:3)
  the Enchantress (Depths:3)
  5 bone dragons
  Jory (Vaults:4)
  5 Tzitzimimeh
  A hellephant (Zig:20)
  3 iron giants (Zig:8)
  9 Brimstone Fiends
  2 electric golems (Zot:5)
  4 Ice Fiends
  10 Hell Sentinels
  18 tentacled monstrosities
  25 Orb Guardians (Zot:5)
  The ghost of Riboake the Severer, an adept DgFi (Elf:2)
  11 titans
  8 liches
  9 quicksilver dragons
  Asterion (Snake:1)
  27 acid blobs
  A quicksilver dragon (shapeshifter) (Zig:12)
  12 tentacled starspawn
  An acid blob (shapeshifter) (Zig:12)
  Polyphemus (Shoals:2)
  12 deep elf master archers
  8 deep elf blademasters
  11 sphinxes
  A kraken (Shoals:1)
  14 Executioners
  8 death cobs
  A sphinx (shapeshifter) (Zig:24)
  23 storm dragons
  20 shadow dragons
  26 pandemonium lords
  11 ancient champions
  11 tengu reavers
  5 draconian monks
  16 nagarajas
  Ilsuiw (Shoals:4)
  16 azure jellies
  2 revenants (Crypt:3)
  9 deep elf sorcerers
  13 frost giants
  13 fire giants
  An emperor scorpion (shapeshifter) (Zig:12)
  8 draconian knights
  6 orc warlords
  6 balrugs
  2 imperial myrmidons (Desolation)
  5 iron dragons
  2 emperor scorpions (Zig:9)
  7 cacodemons
  A ghost moth (shapeshifter) (Zig:24)
  12 draconian scorchers
  Louise (Snake:2)
  18 vault wardens
  12 ghost moths
  2 frost giants (shapeshifter)
  A juggernaut zombie (Zig:15)
  7 draconian annihilators
  6 warmongers
  4 curse skulls
  Aizul (Vaults:1)
  11 ghouls
  5 reapers
  6 deep elf elementalists
  6 draconian stormcallers
  7 draconian shifters
  4 war gargoyles
  2 caustic shrike zombies (Zig:13)
  5 juggernaut skeletons
  4 spriggan defenders
  31 stone giants
  22 ironheart preservers
  31 very ugly things
  9 bennus
  7 blood saints
  An entropy weaver (Zig:9)
  A caustic shrike skeleton (Zig:27)
  8 corrupters
  19 vampire knights
  11 black suns
  12 deep elf demonologists
  A dire elephant (shapeshifter) (Zig:9)
  18 yellow draconians
  10 green draconians
  4 lorocyprocas
  11 black draconians
  13 red draconians
  Azrael (Orc:2)
  10 deep elf annihilators
  6 spark wasps
  2 halazid warlocks (Desolation)
  13 purple draconians
  8 white draconians
  A dire elephant (Lair:6)
  22 merfolk impalers
  5 eidola
  19 ettins
  13 deep elf death magi
  15 merfolk javelineers
  Josephine (Shoals:1)
  3 crystal guardians
  26 mummy priests
  7 blizzard demons
  10 jiangshi
  12 death oozes
  19 yaktaur captains
  10 fire dragons
  A quicksilver dragon zombie (Zig:14)
  13 green deaths
  9 ragged hierophants (Desolation)
  24 great orbs of eyes
  5 peacekeepers (Desolation)
  19 hydras
  14 deep elf high priests
  Harold (D:9)
  7 servants of whispers (Desolation)
  9 spriggan air magi
  12 ice dragons
  19 naga warriors
  14 anacondas
  39 vault guards
  5 hell beasts
  4 rakshasas
  2 catoblepae
  A juggernaut simulacrum (Zig:13)
  20 merfolk aquamancers
  A shambling mangrove (Zig:21)
  7 merfolk avatars
  12 centaur warriors
  61 two-headed ogres
  9 death scarabs
  5 death knights
  An alligator snapping turtle (shapeshifter) (Zig:16)
  10 satyrs
  A two-headed ogre (shapeshifter) (Zig:24)
  7 vampire magi
  11 deep troll earth magi
  16 tengu warriors
  18 ogre magi
  8 alligators
  27 naga sharpshooters
  3 orc high priests
  9 death yaks
  A death yak (shapeshifter) (Zig:12)
  8 deep troll shamans
  26 dancing weapons
  14 thrashing horrors
  13 spriggan berserkers
  7 soul eaters
  A titan skeleton (Zig:27)
  6 shock serpents
  14 wretched stars
  32 deep elf knights
  39 skeletal warriors
  A spark wasp zombie (Zig:8)
  7 sun demons
  4 sixfirhies
  7 shadow wraiths
  9 hell knights
  A salamander mystic (Depths:2)
  7 spatial maelstroms
  8 iron trolls
  An anaconda zombie (Crypt:2)
  2 storm dragon skeletons (Zig:27)
  11 glowing orange brains
  2 quicksilver dragon simulacra (Depths:4)
  32 deep trolls
  3 unseen horrors
  2 death drakes (shapeshifter)
  3 golden dragon zombies
  A glowing orange brain (shapeshifter) (Zig:9)
  6 death drakes (Zig:21)
  21 sea snakes
  A gelid demonspawn (Zig:17)
  4 wizards
  11 flayed ghosts
  9 naga ritualists
  3 swamp dragons (shapeshifter)
  2 torturous demonspawn
  10 swamp dragons
  5 orange crystal statues
  2 golden dragon skeletons
  34 ironbrand convokers
  5 shadow demons
  A sphinx zombie (Zig:14)
  30 large abominations
  25 deep elf archers
  2 iron dragon zombies
  2 lindwurms (Lair:6)
  17 orc knights
  4 obsidian statues
  5 oklob plants
  2 wolf spiders (shapeshifter)
  15 phantasmal warriors
  2 harpies (shapeshifter)
  49 harpies
  18 orc sorcerers
  A wolf spider zombie (Vaults:1)
  An orb spider (shapeshifter) (Zig:26)
  A mana viper (shapeshifter) (Zig:12)
  5 orb spiders
  9 necromancers
  A tengu zombie (Vaults:5)
  A frost giant zombie (Vaults:4)
  10 wolf spiders
  10 mana vipers
  A manticore (shapeshifter) (Zig:16)
  8 salamanders
  A salamander (shapeshifter) (Zig:20)
  40 fauns
  59 ugly things
  86 deep elf magi
  A stone giant zombie (Vaults:1)
  An iron dragon skeleton (Zig:27)
  A tengu skeleton (Zig:14)
  28 manticores
  5 shining eyes
  A fire giant zombie (Zig:8)
  A faun (shapeshifter) (Zig:12)
  4 worldbinders
  18 merfolk sirens
  A fire giant skeleton (Depths:4)
  12 rust devils
  22 cyclopes
  2 spriggan zombies
  2 elephants (Lair:6)
  32 moths of wrath
  A shock serpent zombie (Crypt:3)
  17 vault sentinels
  A frost giant skeleton (Zig:15)
  7 eyes of devastation
  21 naga magi
  2 molten gargoyles (Desolation)
  A water nymph (shapeshifter) (Zig:16)
  2 guardian serpents (shapeshifter)
  28 guardian serpents
  6 ice statues
  A torpor snail (shapeshifter) (Vaults:3)
  11 apocalypse crabs
  4 gargoyles
  14 water nymphs
  3 orange demons
  43 black mambas
  2 torpor snails
  7 smoke demons
  10 hellions
  4 rime drakes
  A redback zombie (D:14)
  12 spiny frogs
  5 demonic crawlers
  14 small abominations
  A dire elephant skeleton (Crypt:3)
  7 komodo dragons
  A kobold demonologist (D:10)
  A tormentor (Zig:25)
  A golden dragon simulacrum (Zig:20)
  An alligator snapping turtle skeleton (Crypt:1)
  4 ice devils
  An anaconda simulacrum (Crypt:3)
  A spark wasp simulacrum (Zig:15)
  6 efreet
  A minotaur skeleton (Crypt:3)
  12 freezing wraiths
  A pale draconian skeleton (Crypt:2)
  8 ancient zymes
  9 red devils
  48 yaktaurs
  A hydra zombie (Crypt:3)
  2 hellwings
  6 wind drakes
  97 merfolk
  A queen bee (shapeshifter) (Depths:2)
  A silent spectre (Zig:10)
  10 trolls
  39 guardian mummies
  A polar bear (shapeshifter) (Depths:2)
  A meliai (shapeshifter) (Depths:3)
  10 hornets
  A jumping spider (shapeshifter) (Depths:3)
  4 tyrant leeches
  8 jumping spiders
  2 tengu conjurers
  26 polar bears
  16 raiju
  A troll (shapeshifter) (Elf:1)
  30 dream sheep
  A harpy skeleton (D:14)
  An ice dragon zombie (Crypt:3)
  57 saltlings (Desolation)
  18 snapping turtles
  6 bog bodies
  2 sphinx simulacra
  3 blink frogs
  2 dream sheep (shapeshifter)
  113 slime creatures
  2 frost giant simulacra
  An ettin zombie (Crypt:3)
  7 hippogriffs
  35 water elementals
  23 flying skulls
  A centaur simulacrum (D:14)
  5 spriggans
  A spriggan (shapeshifter) (Vaults:2)
  4 air elementals
  20 starcursed masses
  4 elf skeletons
  An alligator skeleton (Crypt:1)
  A redback (Zig:9)
  2 tarantellas (shapeshifter)
  5 shadows
  10 vampires
  15 wraiths
  11 ynoxinuls
  19 ushabtiu
  12 humans (D:14)
  A wind drake zombie (Crypt:2)
  3 basilisks
  5 fire bats (Depths:2)
  11 fire elementals
  9 chaos spawn
  6 tarantellas
  68 yaks
  7 vampire mosquitoes
  2 golden eyes
  A golden eye (shapeshifter) (Elf:3)
  A hungry ghost (D:12)
  A wind drake skeleton (Crypt:3)
  10 neqoxecs
  A monstrous demonspawn zombie (Crypt:1)
  13 wargs
  4 insubstantial wisps
  36 nagas
  3 two-headed ogre zombies (WizLab)
  An acid dragon (Vaults:1)
  A gelid demonspawn skeleton (Crypt:3)
  23 hell hounds
  A merfolk skeleton (Crypt:2)
  6 water moccasins
  2 floating eyes (Zig:22)
  8 porcupines
  6 elf zombies
  6 swamp drakes
  A black bear (shapeshifter) (D:15)
  71 orc warriors
  3 sky beasts
  4 ettin simulacra (Depths:4)
  12 black bears
  5 necrophages
  7 phantoms
  A manticore zombie (Crypt:2)
  4 ice beasts
  64 wolves
  18 eyes of draining
  56 ogres
  8 boggarts
  A blink frog skeleton (Crypt:3)
  A centaur (shapeshifter) (Depths:2)
  A human skeleton (Vaults:1)
  A snapping turtle skeleton (Crypt:1)
  14 centaurs
  12 crocodiles
  3 big kobolds
  15 bullfrogs
  A big kobold (shapeshifter) (Vaults:4)
  2 wyvern zombies
  3 earth elementals
  2 wyvern skeletons
  12 scorpions
  5 killer bees (D:9)
  A shapeshifter zombie (Crypt:2)
  9 troll zombies (WizLab)
  2 elf simulacra
  6 howler monkeys
  11 wights
  5 human simulacra
  8 crimson imps
  3 bullfrog zombies
  A wolf skeleton (Crypt:1)
  5 jellies
  3 bullfrog skeletons
  7 centaur zombies
  34 orc priests
  7 hounds
  3 centaur skeletons
  5 iguanas
  11 iron imps
  2 human zombies (Ossuary)
  9 worker ants
  2 lightning spires (Zig:22)
  42 orc wizards
  A killer bee zombie (D:6)
  3 ogre zombies (WizLab)
  A big kobold zombie (Ossuary)
  A dwarf skeleton (Crypt:1)
  A hound skeleton (D:6)
  70 mummies
  2 worker ant zombies (D:9)
  14 adders
  14 gnolls
  3 howler monkey skeletons
  A scorpion zombie (Ossuary)
  A swamp drake skeleton (Crypt:1)
  3 shadow imps
  12 white imps (D:11)
  3 oozes (Lair:5)
  2 adder skeletons
  3 worms
  A dart slug (D:1)
  4 leopard geckos
  A leopard gecko (shapeshifter) (Depths:2)
  138 orcs
  6 giant cockroaches
  9 goblins
  7 hobgoblins
  17 jackals
  2 quokkas
  2 ball pythons
  9 bats
  6 frilled lizards
  A giant cockroach zombie (Crypt:2)
  A goblin skeleton (Crypt:2)
  4 goblin zombies (Ossuary)
  20 kobolds
  A leopard gecko skeleton (D:4)
  2 orc zombies (Ossuary)
  6 rats
  A river rat skeleton (Crypt:3)
  5 blocks of ice
  2 bushes (Lair:4)
  4 crawling corpses (Elf:3)
  88 fire vortices
  2 fungi
  12 plants
  4 starspawn tentacles
4571 creatures vanquished.

Vanquished Creatures (collateral kills)
  2 golden dragons (Depths:5)
  An Ice Fiend (Zig:17)
  An Executioner (Zig:5)
  An acid blob (Zig:22)
  A storm dragon (Vaults:4)
  An ironheart preserver (Vaults:4)
  A stone giant (Vaults:4)
  A bennu (Zig:27)
  A merfolk javelineer (Zig:23)
  An anaconda (shapeshifter) (Vaults:4)
  A two-headed ogre (Vaults:4)
  A shadow demon (Zig:17)
  A manticore (D:13)
  A slime creature (Zig:22)
  An eye of draining (Zig:22)
  A small abomination (Zig:10)
  A hound (D:13)
18 creatures vanquished.

Vanquished Creatures (others)
  2 pandemonium lords (Zig:24)
  A draconian knight (Zot:4)
  An ironheart preserver (Vaults:2)
  3 stone giants
  A stone giant (shapeshifter) (Zig:24)
  A peacekeeper (Desolation)
  An orc high priest (Elf:2)
  A shadow wraith (Vaults:5)
  A phantasmal warrior (Depths:3)
  An ugly thing (Zig:24)
  2 yaktaurs (Vaults:1)
  A polar bear (shapeshifter) (Zig:24)
  A slime creature (Vaults:1)
  An air elemental (Zig:15)
  3 orc warriors
  A boggart (shapeshifter) (Depths:2)
  40 blocks of ice
  3 butterflies (Lair:5)
  213 fire vortices
  4 fungi
  15 plants
  8 starspawn tentacles
  7 tentacles (Shoals:1)
312 creatures vanquished.

Grand Total: 4901 creatures vanquished

Notes
Turn   | Place    | Note
-------+----------+-------------------------------------------
     0 | D:1      | JellyEater the Gargoyle Earth Elementalist began the quest
                  | for the Orb.
     0 | D:1      | Reached XP level 1. HP: 10/10 MP: 3/3
   415 | D:1      | Reached XP level 2. HP: 15/15 MP: 1/5
  1038 | D:1      | Reached XP level 3. HP: 18/19 MP: 6/6
  1043 | D:1      | Learned a level 3 spell: Stone Arrow
  1502 | D:2      | Noticed a phantom
  1536 | D:2      | Killed a phantom
  1536 | D:2      | Reached skill level 5 in Earth Magic
  1536 | D:2      | Reached XP level 4. HP: 16/24 MP: 0/8
  1536 | D:2      | Reached XP level 5. HP: 18/28 MP: 0/9
  1543 | D:2      | Learned a level 5 spell: Lee's Rapid Deconstruction
  2636 | D:3      | Found an ornate altar of the Wu Jian Council.
  2790 | D:3      | Reached XP level 6. HP: 32/32 MP: 3/11
  3562 | D:4      | Reached XP level 7. HP: 36/36 MP: 7/13
  3889 | D:4      | Reached skill level 5 in Spellcasting
  4166 | D:4      | Found a snail-covered altar of Cheibriados.
  4166 | D:4      | Found a sparkling altar of Nemelex Xobeh.
  4175 | D:4      | Reached XP level 8. HP: 35/41 MP: 1/15
  4176 | D:4      | Reached skill level 5 in Conjurations
  4402 | D:4      | Found a deep blue altar of Sif Muna.
  4495 | D:5      | Entered Level 5 of the Dungeon
  4523 | D:5      | Reached skill level 1 in Armour
  4600 | D:5      | Reached skill level 1 in Fighting
  4663 | D:5      | Reached skill level 1 in Maces & Flails
  5662 | D:6      | Reached XP level 9. HP: 32/49 MP: 17/17
  5896 | D:6      | Found a bloodstained altar of Trog.
  6169 | D:7      | Found a shimmering altar of Xom.
  6170 | D:7      | Found a shimmering altar of Xom.
  6178 | D:7      | Found a shimmering altar of Xom.
  6179 | D:7      | Found a shimmering altar of Xom.
  6179 | D:7      | Found a shimmering altar of Xom.
  6181 | D:7      | Found a shimmering altar of Xom.
  6205 | D:7      | Found a white marble altar of Elyvilon.
  6266 | D:7      | Found a sand-covered staircase.
  6272 | Ossuary  | Entered an ossuary
  6895 | D:7      | Noticed a yaktaur
  7051 | D:7      | Found a staircase to the Ecumenical Temple.
  7057 | Temple   | Entered the Ecumenical Temple
  7212 | Temple   | Became a worshipper of Vehumet
  7318 | D:7      | Noticed a salamander
  7713 | D:7      | Noticed a torpor snail
  7727 | D:7      | Noticed a shining eye
  7740 | D:7      | a shining eye changed into a snapping turtle
  7766 | D:8      | Found a staircase to the Lair.
  7773 | D:8      | Found a shadowy altar of Dithmenos.
  7890 | D:8      | Reached XP level 10. HP: 56/56 MP: 17/19
  7933 | D:8      | Noticed a two-headed ogre
  7939 | D:8      | Killed a two-headed ogre
  8052 | D:8      | Reached * piety under Vehumet
  8052 | D:8      | Offered knowledge of Sting by Vehumet.
  8702 | D:8      | Found a burning altar of Makhleb.
  8896 | D:9      | Got a crude mace
  8897 | D:9      | Identified the +4 mace of the Beginning {drain, rPois
                  | Int+6} (You found it on level 9 of the Dungeon)
  8944 | D:9      | Found a hazy altar of Hepliaklqana.
  8982 | D:9      | Noticed a green ugly thing
  8986 | D:9      | Killed a green ugly thing
  9135 | D:9      | Found a sparkling altar of Nemelex Xobeh.
  9144 | D:9      | Noticed Harold
  9153 | D:9      | Reached skill level 5 in Fighting
  9153 | D:9      | Reached skill level 1 in Evocations
  9155 | D:9      | Killed Harold
  9155 | D:9      | Reached skill level 5 in Armour
  9382 | D:9      | Noticed a two-headed ogre
  9392 | D:9      | Killed a two-headed ogre
  9392 | D:9      | Reached XP level 11. HP: 60/64 MP: 9/21
  9421 | D:9      | Found a sacrificial altar of Ru.
  9723 | D:10     | Entered Level 10 of the Dungeon
  9730 | D:10     | Noticed a two-headed ogre
  9745 | D:10     | Killed a two-headed ogre
  9745 | D:10     | Reached skill level 5 in Maces & Flails
  9868 | D:10     | Reached ** piety under Vehumet
  9970 | D:10     | Learned a level 5 spell: Bolt of Magma
  9977 | D:10     | Learned a level 6 spell: Iron Shot
 10121 | D:10     | Offered knowledge of Searing Ray by Vehumet.
 10296 | D:10     | Reached skill level 1 in Fire Magic
 10744 | D:11     | Offered knowledge of Throw Flame by Vehumet.
 10761 | D:11     | Reached *** piety under Vehumet
 10811 | D:11     | Found a roughly hewn altar of Beogh.
 10881 | D:11     | Offered knowledge of Iskenderun's Mystic Blast by Vehumet.
 10883 | D:11     | Reached skill level 10 in Earth Magic
 10952 | D:11     | Killed an unseen horror
 10952 | D:11     | Reached skill level 5 in Dodging
 10962 | D:11     | Found a frozen archway.
 11010 | IceCv    | Entered an ice cave
 11691 | IceCv    | Reached XP level 12. HP: 60/71 MP: 23/23
 11697 | IceCv    | Reached **** piety under Vehumet
 11890 | IceCv    | Offered knowledge of Fulminant Prism by Vehumet.
 12457 | IceCv    | Reached skill level 5 in Fire Magic
 12604 | IceCv    | Noticed a frost giant
 12615 | IceCv    | Killed a frost giant
 12903 | IceCv    | Identified the Tome of Malediction and Flames
 13295 | D:11     | Found a staircase to the Orcish Mines.
 13434 | D:11     | Noticed a two-headed ogre
 13442 | D:11     | Killed a two-headed ogre
 13463 | D:11     | Reached ***** piety under Vehumet
 13463 | D:11     | Offered knowledge of Freezing Cloud by Vehumet.
 14327 | D:12     | Reached XP level 13. HP: 77/77 MP: 25/25
 14346 | D:12     | Gained mutation: Your magical capacity is low. (-10% MP)
                  | [potion of mutation]
 14346 | D:12     | Gained mutation: You are partially covered in large bone
                  | plates. (SH +4) [potion of mutation]
 14346 | D:12     | Gained mutation: You have a somewhat thin skeletal
                  | structure. (Dex +2, Stealth) [potion of mutation]
 14541 | D:12     | Lost mutation: You have a somewhat thin skeletal structure.
                  | (Dex +2, Stealth) [potion of mutation]
 14541 | D:12     | Lost mutation: You are partially covered in large bone
                  | plates. (SH +4) [potion of mutation]
 14541 | D:12     | Gained mutation: Your mind is acute. (Int +2) [potion of
                  | mutation]
 14541 | D:12     | Lost mutation: Your magical capacity is low. (-10% MP)
                  | [potion of mutation]
 14541 | D:12     | Gained mutation: You expend magic power (3 MP) to
                  | strengthen your wands. [potion of mutation]
 14885 | D:12     | Found a portal to a secret trove of treasure.
 14906 | D:12     | Got a pair of translucent gloves
 14917 | D:12     | Identified the -1 pair of gloves "Pegeret" {rN+++ Regen+
                  | Str-2 Slay-5} (You found it on level 12 of the Dungeon)
 15255 | D:13     | Paralysed by an orc for 3 turns
 15584 | D:13     | Found a shimmering altar of Xom.
 15609 | D:13     | Reached skill level 5 in Evocations
 17040 | D:14     | Offered knowledge of Lightning Bolt by Vehumet.
 17191 | D:14     | Found a gate to the Vaults.
 17698 | D:14     | Gained mutation: Your large and strong wings let you fly
                  | indefinitely. [Gargoyle growth]
 17698 | D:14     | Reached XP level 14. HP: 84/84 MP: 15/27
 17702 | D:14     | Noticed a storm dragon
 17797 | D:14     | Killed a storm dragon
 17797 | D:14     | Reached skill level 10 in Conjurations
 18045 | D:14     | Found the +8 arc blade {discharge, rElec}
 18087 | D:14     | Noticed a vampire knight
 18087 | D:14     | Noticed a vampire knight
 18089 | D:14     | Found the +12 Vampire's Tooth {vamp}
 18093 | D:14     | Killed a vampire knight
 19249 | D:14     | Killed a vampire knight
 19439 | Lair:1   | Entered Level 1 of the Lair of Beasts
 21700 | Lair:3   | Offered knowledge of Bolt of Fire by Vehumet.
 21713 | Lair:3   | Learned a level 6 spell: Bolt of Fire
 21845 | Lair:3   | Found a staircase to the Shoals.
 22887 | Lair:3   | Got a steaming leather armour
 22898 | Lair:3   | Identified the +5 leather armour of Shadows and Fog {rF+
                  | rC+} (You found it on level 3 of the Lair of Beasts)
 23231 | Lair:4   | Found a blossoming altar of Fedhas.
 23698 | Lair:4   | You are sucked into a shaft and drop 2 floors!
 23698 | Lair:6   | Entered Level 6 of the Lair of Beasts
 23735 | Lair:6   | Found a dark tunnel.
 23752 | Volcano  | Entered a volcano
 24368 | Lair:5   | Reached XP level 15. HP: 91/91 MP: 20/28
 24657 | Lair:5   | Found a staircase to the Slime Pits.
 24669 | Lair:5   | Offered knowledge of Ozocubu's Refrigeration by Vehumet.
 24826 | Lair:5   | Reached skill level 10 in Fire Magic
 26397 | Lair:6   | Reached skill level 10 in Fighting
 26842 | Lair:4   | Found a staircase to the Snake Pit.
 27952 | Lair:6   | Offered knowledge of Poison Arrow by Vehumet.
 27957 | Lair:6   | Reached skill level 10 in Spellcasting
 29100 | Lair:6   | Reached XP level 16. HP: 62/98 MP: 20/30
 29276 | Lair:6   | Found the +2 shield of Resistance {rF+ rC+ MR+}
 29733 | Orc:1    | Entered Level 1 of the Orcish Mines
 29925 | Orc:1    | Offered knowledge of Bolt of Cold by Vehumet.
 30149 | Orc:2    | Entered Level 2 of the Orcish Mines
 30188 | Orc:2    | Found a roughly hewn altar of Beogh.
 30365 | Orc:2    | Found Osoritruidid's Distillery.
 30381 | Orc:2    | Bought 2 potions of magic for 272 gold pieces
 30381 | Orc:2    | Bought a potion of heal wounds for 85 gold pieces
 30381 | Orc:2    | Bought a potion of heal wounds for 85 gold pieces
 30381 | Orc:2    | Bought a potion of curing for 51 gold pieces
 30402 | Orc:2    | Found a staircase to the Elven Halls.
 30747 | Orc:2    | Noticed Azrael
 30751 | Orc:2    | Killed Azrael
 31471 | Orc:2    | Found a roughly hewn altar of Beogh.
 31590 | Orc:2    | Found Xaxiutt's Distillery.
 31597 | Orc:2    | Bought a potion of might for 52 gold pieces
 31597 | Orc:2    | Bought a potion of curing for 39 gold pieces
 31597 | Orc:2    | Bought a potion of invisibility for 104 gold pieces
 31597 | Orc:2    | Bought a potion of ambrosia for 104 gold pieces
 31597 | Orc:2    | Bought a potion of curing for 39 gold pieces
 31597 | Orc:2    | Bought a potion of might for 52 gold pieces
 31597 | Orc:2    | Bought a potion of heal wounds for 65 gold pieces
 31597 | Orc:2    | Bought a potion of heal wounds for 65 gold pieces
 31710 | Orc:2    | Found a roughly hewn altar of Beogh.
 31781 | Orc:2    | Found a roughly hewn altar of Beogh.
 32129 | Orc:2    | Found a roughly hewn altar of Beogh.
 32358 | Orc:2    | Found Deron's Antique Armour Emporium.
 32359 | Orc:2    | Found a roughly hewn altar of Beogh.
 32366 | Orc:2    | Found Olosogg's Antique Weapon Shoppe.
 32377 | Orc:2    | Bought a heavily jewelled robe for 142 gold pieces
 32377 | Orc:2    | Identified the cursed +0 robe of Awoajies {*Corrode +Blink
                  | MR+ Str+7} (You bought it in a shop on level 2 of the
                  | Orcish Mines)
 32646 | D:15     | Entered Level 15 of the Dungeon
 32784 | D:15     | Found a shimmering altar of Xom.
 32855 | D:15     | Found a staircase to the Depths.
 33720 | Snake:1  | Entered Level 1 of the Snake Pit
 33750 | Snake:1  | Offered knowledge of Poison Arrow by Vehumet.
 33758 | Snake:1  | Learned a level 6 spell: Poison Arrow
 33782 | Snake:1  | Noticed Asterion
 33797 | Snake:1  | Killed Asterion
 34506 | Snake:1  | Reached skill level 10 in Maces & Flails
 35050 | Snake:1  | Found a glowing golden altar of the Shining One.
 35750 | Shoals:1 | Entered Level 1 of the Shoals
 35964 | Shoals:1 | Found the +2 pair of boots of the Assassin {Detection Stab+
                  | Stlth++}
 36057 | Shoals:1 | Reached XP level 17. HP: 104/104 MP: 17/32
 36067 | Shoals:1 | Found Erih's Antique Weapon Emporium.
 36312 | Shoals:1 | Noticed Josephine
 36470 | Shoals:1 | Killed Josephine
 36630 | Shoals:1 | Noticed a kraken
 36668 | Shoals:1 | Killed a kraken
 37102 | Shoals:1 | Found a runed translucent door.
 37106 | Shoals:1 | Noticed buki's ghost (adept DsNe)
 39149 | Shoals:2 | Noticed Polyphemus
 39209 | Shoals:2 | Killed Polyphemus
 39658 | Shoals:2 | Got an ancient silver amulet
 39659 | Shoals:2 | Identified the amulet "Enusujic" {Faith Str+4} (You found
                  | it on level 2 of the Shoals)
 40624 | Shoals:3 | Found Koewkiats's General Store.
 40751 | Shoals:3 | Reached ****** piety under Vehumet
 42788 | Shoals:4 | Entered Level 4 of the Shoals
 43281 | Snake:2  | Noticed Louise
 43290 | Snake:2  | Killed Louise
 43290 | Snake:2  | Reached XP level 18. HP: 112/112 MP: 34/34
 43571 | Snake:2  | Found Ceos's Food Shoppe.
 43583 | Snake:2  | Got a coiled silver ring
 43584 | Snake:2  | Identified the ring of Lushef {+Blink rN+} (You found it on
                  | level 2 of the Snake Pit)
 44129 | Snake:2  | Learned a level 5 spell: Fireball
 45057 | Snake:3  | Found a runed translucent gate.
 45058 | Snake:3  | Found a runed translucent gate.
 45279 | Snake:3  | Offered knowledge of Lehudib's Crystal Spear by Vehumet.
 45279 | Snake:3  | Offered knowledge of Fire Storm by Vehumet.
 45279 | Snake:3  | Offered knowledge of Shatter by Vehumet.
 46096 | Snake:3  | Found a runed translucent gate.
 46098 | Snake:3  | Noticed D1HalberdGnoll's ghost (adept DrTm)
 46099 | Snake:3  | Noticed Vashnia
 46122 | Snake:3  | Killed Vashnia
 47554 | Elf:1    | Entered Level 1 of the Elven Halls
 49678 | Elf:1    | Found a runed translucent gate.
 49678 | Elf:1    | Found a runed translucent gate.
 49678 | Elf:1    | Found a runed translucent gate.
 49679 | Elf:1    | Noticed Feoruemp's ghost (journeyman CeHu)
 49824 | Elf:2    | Found a magical portal.
 49833 | WizLab   | Entered Zonguldrok's Shrine
 50210 | WizLab   | Reached XP level 19. HP: 95/117 MP: 6/35
 50545 | WizLab   | Noticed an antique lich
 50551 | WizLab   | Noticed an Ice Fiend
 50551 | WizLab   | Killed an antique lich
 50551 | WizLab   | Reached skill level 10 in Dodging
 50697 | WizLab   | Found the +9 sword of Zonguldrok {reap}
 51376 | Elf:2    | Found a huge runed translucent gate.
 51376 | Elf:2    | Found a huge runed translucent gate.
 51377 | Elf:2    | Found a huge runed translucent gate.
 51402 | Elf:2    | Found a huge runed translucent gate.
 51405 | Elf:2    | Found a huge runed translucent gate.
 51523 | Elf:2    | Found a runed translucent gate.
 51524 | Elf:2    | Found a runed translucent gate.
 51524 | Elf:2    | Found an opulent altar of Gozag.
 51525 | Elf:2    | Found a runed translucent gate.
 51528 | Elf:2    | Found Tuinadox's Assorted Antiques.
 51528 | Elf:2    | Noticed Riboake's ghost (adept DgFi)
 51930 | Elf:2    | Reached skill level 15 in Earth Magic
 52225 | Elf:2    | Killed Riboake's ghost
 52306 | Elf:2    | Bought a scroll of teleportation for 66 gold pieces
 52306 | Elf:2    | Bought a potion of brilliance for 88 gold pieces
 52306 | Elf:2    | Bought a metal-bound book for 330 gold pieces
 52306 | Elf:2    | Bought a potion of curing for 66 gold pieces
 52306 | Elf:2    | Bought a scroll of magic mapping for 77 gold pieces
 52558 | D:12     | You paid a toll of 16 potions of curing to enter a treasure
                  | trove
 52559 | Trove    | Entered a treasure trove
 52565 | Trove    | Got a brightly glowing cloak
 52566 | Trove    | Identified the +0 cloak of the Disturbing Dreams {rN+ MR++
                  | Str+4} (You found it in a treasure trove)
 52612 | Trove    | Got a transparent cloak
 52623 | Trove    | Identified the +3 cloak of Perpetual Drought {+Blink rElec
                  | rN+ Stlth+} (You found it in a treasure trove)
 52815 | Elf:3    | Entered Level 3 of the Elven Halls
 53981 | Elf:3    | Reached XP level 20. HP: 96/124 MP: 3/37
 54247 | Elf:3    | Found the +8 longbow "Zephyr" {speed, Dex+3 SInv}
 54346 | Elf:3    | Reached skill level 15 in Fire Magic
 56819 | Shoals:4 | Noticed Ilsuiw
 56826 | Shoals:4 | Killed Ilsuiw
 57294 | Shoals:4 | Found Vutyag's Weapon Boutique.
 58119 | Shoals:4 | Identified the +6 chain mail "Pajo" {Dex+2}
 58627 | Shoals:4 | Got a smoking jade ring
 58628 | Shoals:4 | Identified the ring "Weemept" {Wiz rC++ Dex-5} (You found
                  | it on level 4 of the Shoals)
 58687 | Shoals:4 | Got a barnacled rune of Zot
 58924 | Snake:4  | Entered Level 4 of the Snake Pit
 59073 | Snake:4  | Found Ocvymiv's Gadget Shop.
 59232 | Snake:4  | Found Feodos's Antique Weapon Shoppe.
 60765 | Snake:4  | Reached XP level 21. HP: 131/131 MP: 27/39
 62466 | Snake:4  | Got a serpentine rune of Zot
 63102 | Orc:2    | Bought a twisted buckler for 237 gold pieces
 63107 | Orc:2    | Identified the +3 buckler of Resilience {rCorr Dex+3
                  | Stlth+} (You bought it in a shop on level 2 of the Orcish
                  | Mines)
 63258 | Vaults:1 | Entered Level 1 of the Vaults
 63308 | Vaults:1 | Reached skill level 1 in Shields
 63392 | Vaults:1 | Learned a level 9 spell: Shatter
 63420 | Vaults:1 | Found a ruined gateway.
 63429 | Desolati | Entered the Desolation of Salt
 63463 | Desolati | Identified the Grimoire of Blistering Talismans
 63476 | Desolati | Reached skill level 5 in Shields
 63703 | Desolati | Identified Sif Muna's Almanac of the Burning Rocks
 63936 | Desolati | Identified the Guide on Dislocated Venom
 63941 | Desolati | Identified Sif Muna's Tome of Orientation and Clay
 64178 | Vaults:1 | Reached skill level 15 in Spellcasting
 64382 | Vaults:1 | Noticed Aizul
 64404 | Vaults:1 | Killed Aizul
 65048 | Vaults:1 | Reached XP level 22. HP: 137/137 MP: 41/41
 65066 | Vaults:1 | Identified the +3 great sword of Poujih {flame, Dex+4
                  | Stlth+}
 65918 | Vaults:1 | Reached skill level 15 in Conjurations
 66183 | Vaults:1 | Identified the ring of Aqammagg {+Fly Slay+2}
 66426 | Vaults:1 | Identified the +5 war axe of the Eternal Warrior {freeze,
                  | rC+ Dex-5 SInv}
 68734 | Vaults:2 | Found a staircase to the Crypt.
 68734 | Vaults:2 | Found a basalt altar of Yredelemnul.
 68736 | Vaults:2 | Found an ancient bone altar of Kikubaaqudgha.
 69253 | Vaults:2 | Found the +2 ratskin cloak {+Rats rPois rN+ Str-1 Int-1
                  | Dex+1}
 69357 | Vaults:2 | Reached XP level 23. HP: 129/143 MP: 32/42
 70163 | Vaults:2 | Gained mutation: Scrolls take you a little longer to read.
                  | [mutagenic glow]
 70346 | Vaults:2 | Lost mutation: Scrolls take you a little longer to read.
                  | [potion of mutation]
 70346 | Vaults:2 | Lost mutation: Your mind is acute. (Int +2) [potion of
                  | mutation]
 70346 | Vaults:2 | Lost mutation: You expend magic power (3 MP) to strengthen
                  | your wands. [potion of mutation]
 70346 | Vaults:2 | Gained mutation: You have sharp fingernails. [potion of
                  | mutation]
 70346 | Vaults:2 | Gained mutation: You have a pair of small horns on your
                  | head. [potion of mutation]
 70346 | Vaults:2 | Gained mutation: Your flesh is cold resistant. (rC+)
                  | [potion of mutation]
 72365 | Vaults:4 | Upgraded the game from 0.24-a0-370-g78e9d4e317 to
                  | 0.24-a0-375-g4de66ed42b
 72465 | Vaults:4 | Reached skill level 15 in Fighting
 72728 | Vaults:4 | Noticed Jory
 72734 | Vaults:4 | Killed Jory
 74626 | Vaults:5 | Entered Level 5 of the Vaults
 74629 | Vaults:5 | Reached XP level 24. HP: 142/151 MP: 43/43
 75642 | Vaults:4 | Reached XP level 25. HP: 152/156 MP: 10/45
 76466 | Vaults:5 | Identified the +6 flail "Fiuleedi" {crush, Str+4 Dex+3}
 76848 | Vaults:5 | Learned a level 9 spell: Fire Storm
 77060 | Vaults:5 | Found Hupiov's Food Shoppe.
 77068 | Vaults:5 | Identified the cursed +2 mace of the Orcish Mines {freeze,
                  | MR+ Stlth+} (You found it on level 5 of the Vaults)
 77192 | Vaults:5 | Identified the Almanac of Shifting Fire
 77209 | Vaults:5 | Learned a level 8 spell: Ignition
 77425 | Vaults:5 | Identified Doel's Catalogue of Glacial Malediction
 77565 | Vaults:5 | Got a silver rune of Zot
 78198 | Slime:1  | Entered Level 1 of the Pits of Slime
 79142 | Slime:5  | Entered Level 5 of the Pits of Slime
 79535 | Slime:5  | Noticed the Royal Jelly
 79536 | Slime:5  | Gained mutation: You are clumsy. (Dex -2) [a shining eye]
 79539 | Slime:5  | Gained mutation: You occasionally shout uncontrollably at
                  | your foes. [a shining eye]
 79541 | Slime:5  | Killed the Royal Jelly
 79830 | Slime:5  | Identified a scroll of acquirement
 79881 | Slime:5  | Got a slimy rune of Zot
 79888 | Slime:5  | Found the +8 whip "Snakebite" {curare, rPois}
 79969 | Slime:5  | Identified the cursed +1 leather armour of the New World
                  | {rPois} (You found it on level 5 of the Pits of Slime)
 80437 | Crypt:1  | Entered Level 1 of the Crypt
 81364 | Crypt:1  | Reached XP level 26. HP: 157/163 MP: 32/46
 81814 | Crypt:1  | Got a twitching brass amulet
 81815 | Crypt:1  | Identified the amulet "Coqag" {Spirit +Blink} (You found it
                  | on level 1 of the Crypt)
 83106 | Crypt:3  | Entered Level 3 of the Crypt
 84499 | Crypt:3  | Found an ancient bone altar of Kikubaaqudgha.
 84502 | Crypt:3  | Found a basalt altar of Yredelemnul.
 84507 | Crypt:3  | Identified the Catalogue of Darkness
 84546 | Crypt:3  | Got a steaming amber ring
 84546 | Crypt:3  | Got a crude steel ring
 84547 | Crypt:3  | Identified the ring "Dogoetis" {rN+ Str+3} (You found it on
                  | level 3 of the Crypt)
 84549 | Crypt:3  | Identified the ring of Moufret {rPois rC++ rN+} (You found
                  | it on level 3 of the Crypt)
 84743 | Crypt:3  | Found a staircase to the Tomb.
 85082 | D:15     | Upgraded the game from 0.24-a0-375-g4de66ed42b to
                  | 0.24-a0-378-g94936e539c
 85085 | Depths:1 | Entered Level 1 of the Depths
 86603 | Depths:1 | Reached XP level 27. HP: 170/170 MP: 21/46
 86748 | Depths:1 | Found a gateway to Hell.
 87453 | Depths:2 | Found a gateway to a ziggurat.
 87453 | Depths:2 | Found a one-way gate leading to the halls of Pandemonium.
 88919 | Depths:2 | Identified the +5 long sword of Forgiveness {slice, -Tele
                  | Str+6}
 89834 | Depths:3 | Noticed Margery
 89840 | Depths:3 | Killed Margery
 90338 | Depths:3 | Identified the +7 faerie dragon scales {+Inv rC- rN+ rCorr
                  | Str+3 Clar}
 90338 | Depths:3 | Noticed the Enchantress
 90340 | Depths:3 | Killed the Enchantress
 90345 | Depths:3 | Noticed a juggernaut
 90633 | Depths:3 | Killed a juggernaut
 92231 | Depths:4 | Upgraded the game from 0.24-a0-378-g94936e539c to
                  | 0.24-a0-408-gcc1054c7ca
 92851 | Depths:4 | Reached skill level 15 in Dodging
 93219 | Depths:4 | Found an ornate altar of the Wu Jian Council.
 94399 | Depths:4 | Found a hazy altar of Hepliaklqana.
 94407 | Depths:4 | Found a one-way gate to the infinite horrors of the Abyss.
 94629 | Depths:4 | Found a sparkling altar of Nemelex Xobeh.
 94857 | Depths:4 | Found a deep blue altar of Sif Muna.
 95382 | Depths:4 | Found an ornate altar of the Wu Jian Council.
 95402 | Depths:4 | Found a sparkling altar of Nemelex Xobeh.
 95662 | Depths:4 | Found a deep blue altar of Sif Muna.
 95690 | Depths:4 | Found a hazy altar of Hepliaklqana.
 95691 | Depths:4 | Found a one-way gate to the infinite horrors of the Abyss.
 95847 | Depths:5 | Entered Level 5 of the Depths
 95849 | Depths:5 | Upgraded the game from 0.24-a0-408-gcc1054c7ca to
                  | 0.24-a0-411-g4df2b1290f
 96080 | Depths:5 | Noticed a juggernaut
 96319 | Depths:5 | Killed a juggernaut
 97262 | Depths:5 | Found a gate to the Realm of Zot.
 97364 | Depths:5 | Found an iron altar of Okawaru.
 97875 | Zot:1    | Entered Level 1 of the Realm of Zot
 98598 | Zot:1    | Lost mutation: You have a pair of small horns on your head.
                  | [potion of mutation]
 98598 | Zot:1    | Lost mutation: You are clumsy. (Dex -2) [potion of
                  | mutation]
 98598 | Zot:1    | Lost mutation: Your flesh is cold resistant. (rC+) [potion
                  | of mutation]
 98598 | Zot:1    | Gained mutation: Your body sometimes deteriorates upon
                  | taking damage. [potion of mutation]
 98598 | Zot:1    | Gained mutation: Scrolls take you a little longer to read.
                  | [potion of mutation]
 98598 | Zot:1    | Gained mutation: You are somewhat resistant to further
                  | mutation. [potion of mutation]
 98599 | Zot:1    | Lost mutation: Scrolls take you a little longer to read.
                  | [potion of mutation]
 98599 | Zot:1    | Lost mutation: Your body sometimes deteriorates upon taking
                  | damage. [potion of mutation]
 98599 | Zot:1    | Lost mutation: You have sharp fingernails. [potion of
                  | mutation]
 98599 | Zot:1    | Lost mutation: You are somewhat resistant to further
                  | mutation. [potion of mutation]
 98599 | Zot:1    | Gained mutation: Your magical capacity is low. (-10% MP)
                  | [potion of mutation]
 98599 | Zot:1    | Gained mutation: Your flesh is cold resistant. (rC+)
                  | [potion of mutation]
 98599 | Zot:1    | Gained mutation: You can translocate small distances at
                  | will. [potion of mutation]
 98600 | Zot:1    | Lost mutation: Your magical capacity is low. (-10% MP)
                  | [potion of mutation]
 98600 | Zot:1    | Lost mutation: You can translocate small distances at will.
                  | [potion of mutation]
 98600 | Zot:1    | Gained mutation: You are dopey. (Int -2) [potion of
                  | mutation]
 98600 | Zot:1    | Gained mutation: You are robust. (+10% HP) [potion of
                  | mutation]
 98600 | Zot:1    | Gained mutation: You possess an exceptional clarity of
                  | mind. [potion of mutation]
 98600 | Zot:1    | Gained mutation: You have sharp toenails. [potion of
                  | mutation]
 98601 | Zot:1    | Lost mutation: You are robust. (+10% HP) [potion of
                  | mutation]
 98601 | Zot:1    | Lost mutation: You occasionally shout uncontrollably at
                  | your foes. [potion of mutation]
 98601 | Zot:1    | Lost mutation: You are dopey. (Int -2) [potion of mutation]
 98601 | Zot:1    | Gained mutation: You have razor-sharp toenails. [potion of
                  | mutation]
 98601 | Zot:1    | Gained mutation: You occasionally shout uncontrollably at
                  | your foes. [potion of mutation]
 98601 | Zot:1    | Gained mutation: Your flesh is heat resistant. (rF+)
                  | [potion of mutation]
 99962 | Zig:1    | Entered Level 1 of a ziggurat
 99962 | Zig:1    | Noticed Fomn the pandemonium lord
 99964 | Zig:1    | Killed Fomn the pandemonium lord
100112 | Zig:2    | Entered Level 2 of a ziggurat
100204 | Zig:2    | Identified the Incunabulum of the Mutagenic Birds
100210 | Zig:3    | Entered Level 3 of a ziggurat
100350 | Zig:4    | Entered Level 4 of a ziggurat
100486 | Zig:5    | Entered Level 5 of a ziggurat
100522 | Zig:5    | Learned a level 8 spell: Necromutation
100658 | Zig:6    | Entered Level 6 of a ziggurat
100662 | Zig:6    | Reached skill level 1 in Necromancy
100678 | Zig:6    | Identified the Incunabulum of Arcane Weapons
100681 | Zig:6    | Got a flickering ruby amulet
100682 | Zig:6    | Identified the amulet of the Falcon {+Rage rN+ Dex-4
                  | Slay+2} (You found it on level 6 of a ziggurat)
100699 | Zig:7    | Entered Level 7 of a ziggurat
100704 | Zig:7    | Noticed a juggernaut
100708 | Zig:7    | Killed a juggernaut
100796 | Zig:8    | Entered Level 8 of a ziggurat
100804 | Zig:8    | Reached skill level 5 in Necromancy
100882 | Zig:9    | Entered Level 9 of a ziggurat
100968 | Zig:9    | Identified the +2 robe "Katouh" {Int+5} (You found it on
                  | level 9 of a ziggurat)
100997 | Zig:10   | Entered Level 10 of a ziggurat
101088 | Zig:10   | Found the ring of the Mage {Wiz MR++ Int+3}
101094 | Zig:10   | Identified the Disquisition on Boosting Envenoming
101108 | Zig:11   | Entered Level 11 of a ziggurat
101171 | Zig:11   | Identified the Incunabulum of Damaging Orientation
101174 | Zig:11   | Got a pitted ivory ring
101175 | Zig:11   | Identified the ring "Ojewaq" {-Tele rPois Str+4 Int+3} (You
                  | found it on level 11 of a ziggurat)
101289 | Zig:11   | Identified the Volume of Evil and the Rocks
101296 | Zig:12   | Entered Level 12 of a ziggurat
101305 | Zig:12   | Noticed Kutwiulo the pandemonium lord
101309 | Zig:12   | Noticed Manemug the pandemonium lord
101310 | Zig:12   | Killed Kutwiulo the pandemonium lord
101311 | Zig:12   | Noticed Cuabbezo the pandemonium lord
101313 | Zig:12   | Killed Manemug the pandemonium lord
101315 | Zig:12   | Killed Cuabbezo the pandemonium lord
101499 | Zig:13   | Entered Level 13 of a ziggurat
101587 | Zig:13   | Identified the Handbook of Cankerous Illusion
101707 | Zig:13   | Got a sparkling ivory amulet
101717 | Zig:13   | Got a slimy brass ring
101718 | Zig:13   | Identified the ring "Macalev" {rElec rF+ rN+ Int-5 Stlth-}
                  | (You found it on level 13 of a ziggurat)
101721 | Zig:13   | Identified the amulet "Esusuasch" {Gourm +Blink Str+4
                  | Int-2} (You found it on level 13 of a ziggurat)
101723 | Zig:13   | Identified the +2 robe of Canirryt {Regen+ Int+3 Slay-3}
                  | (You found it on level 13 of a ziggurat)
101729 | Zig:14   | Entered Level 14 of a ziggurat
101743 | Zig:14   | Noticed an ancient lich
101746 | Zig:14   | Killed an ancient lich
101844 | Zig:15   | Entered Level 15 of a ziggurat
101857 | Zig:15   | Noticed a greater mummy
101859 | Zig:15   | Noticed a greater mummy
101860 | Zig:15   | Killed a greater mummy
101862 | Zig:15   | Killed a greater mummy
102140 | Zig:16   | Entered Level 16 of a ziggurat
102156 | Zig:16   | Reached skill level 10 in Necromancy
102566 | Zig:16   | Identified Qagade Jobba's Collected Works on Black Magic
                  | and Cold
102590 | Zig:17   | Entered Level 17 of a ziggurat
102613 | Zig:17   | Reached skill level 10 in Evocations
102613 | Zig:17   | Noticed Nudi Vom the pandemonium lord
102615 | Zig:17   | Killed Nudi Vom the pandemonium lord
102899 | Zig:17   | Found the +8 autumn katana {slice, Clar}
102916 | Zig:17   | Got a wavering tin ring
102917 | Zig:17   | Identified the ring "Maffaul" {Wiz rElec rF- MR+} (You
                  | found it on level 17 of a ziggurat)
102951 | Zig:18   | Entered Level 18 of a ziggurat
103135 | Zig:18   | Identified Sif Muna's Collected Works on Freezing Moulding
103191 | Zig:19   | Entered Level 19 of a ziggurat
103228 | Zig:19   | Noticed Nallacita the pandemonium lord
103241 | Zig:19   | Killed Nallacita the pandemonium lord
103809 | Zig:19   | Learned a level 9 spell: Glaciate
103826 | Zig:19   | Identified the cursed +0 troll leather armour of Poly
                  | {rC+++ Regen+} (You found it on level 19 of a ziggurat)
103832 | Zig:19   | Identified Vehumet's Volume of Scorching Attacks
103848 | Zig:20   | Entered Level 20 of a ziggurat
103863 | Zig:20   | Found the +7 mace of Variability {chain chaos}
103864 | Zig:20   | Reached skill level 1 in Ice Magic
104124 | Zig:20   | Identified the cursed -4 pair of gloves "Ruefet" {+Blink
                  | MR- Regen+ rCorr Stlth+} (You found it on level 20 of a
                  | ziggurat)
104127 | Zig:21   | Entered Level 21 of a ziggurat
104646 | Zig:21   | Found the -2 hat of the Alchemist {rElec rPois rF+ rC+ rN+
                  | MR+ rMut rCorr}
104663 | Zig:21   | Got a flickering jade ring
104664 | Zig:21   | Identified the ring "Weajo" {rC+ Int+3 Slay+2} (You found
                  | it on level 21 of a ziggurat)
104706 | Zig:22   | Entered Level 22 of a ziggurat
104724 | Zig:22   | Reached skill level 5 in Ice Magic
105018 | Zig:22   | Got a slimy platinum ring
105023 | Zig:22   | Identified the ring "Goucuesm" {rPois rF+ MR+ Str+2} (You
                  | found it on level 22 of a ziggurat)
105033 | Zig:23   | Entered Level 23 of a ziggurat
105209 | Zig:23   | Found the +7 sceptre of Torment {pain, torment}
105296 | Zig:23   | Got a bound lapis lazuli ring
105297 | Zig:23   | Identified the ring of Birdsong {Ice MR++ Str+4 Stlth+}
                  | (You found it on level 23 of a ziggurat)
105303 | Zig:23   | Reached skill level 10 in Ice Magic
105307 | Zig:24   | Entered Level 24 of a ziggurat
105321 | Zig:24   | Noticed Uceshrata the pandemonium lord
105321 | Zig:24   | Noticed Ranleidy the pandemonium lord
105322 | Zig:24   | Noticed Myuthat the pandemonium lord
105323 | Zig:24   | Noticed Ziqyzyo the pandemonium lord
105323 | Zig:24   | Noticed Muwemeluug the pandemonium lord
105325 | Zig:24   | Noticed Uxyud the pandemonium lord
105325 | Zig:24   | Noticed Cineqat the pandemonium lord
105326 | Zig:24   | Noticed Ticie the pandemonium lord
105326 | Zig:24   | Noticed Wugg the pandemonium lord
105326 | Zig:24   | Noticed Dyus Waunua the pandemonium lord
105327 | Zig:24   | Killed Ranleidy the pandemonium lord
105327 | Zig:24   | Killed Uceshrata the pandemonium lord
105328 | Zig:24   | Killed Muwemeluug the pandemonium lord
105328 | Zig:24   | Killed Uxyud the pandemonium lord
105329 | Zig:24   | Noticed Ydid the pandemonium lord
105331 | Zig:24   | Noticed Susuf the pandemonium lord
105332 | Zig:24   | Killed Ticie the pandemonium lord
105334 | Zig:24   | Noticed Bupyl the pandemonium lord
105336 | Zig:24   | Killed Cineqat the pandemonium lord
105336 | Zig:24   | Killed Wugg the pandemonium lord
105342 | Zig:24   | Killed Ziqyzyo the pandemonium lord
105343 | Zig:24   | Killed Ydid the pandemonium lord
105345 | Zig:24   | Killed Myuthat the pandemonium lord
105346 | Zig:24   | Killed Susuf the pandemonium lord
105348 | Zig:24   | Noticed Cietyjoc the pandemonium lord
105348 | Zig:24   | Noticed Teeziuti the pandemonium lord
105350 | Zig:24   | Killed Cietyjoc the pandemonium lord
105354 | Zig:24   | Killed Dyus Waunua the pandemonium lord
105358 | Zig:24   | Killed Teeziuti the pandemonium lord
105475 | Zig:24   | Killed Bupyl the pandemonium lord
105744 | Zig:24   | Found the +8 glaive of the Guard {elec, +Rage AC+5 SInv}
105759 | Zig:24   | Got a vibrating tin amulet
105760 | Zig:24   | Identified the amulet of Hiklawe {Faith -Tele rElec rC+}
                  | (You found it on level 24 of a ziggurat)
105795 | Zig:25   | Entered Level 25 of a ziggurat
105819 | Zig:25   | Noticed Wyuxkash the pandemonium lord
105825 | Zig:25   | Killed Wyuxkash the pandemonium lord
106250 | Zig:25   | Identified the Guide on Damaging Summoning
106252 | Zig:25   | Identified the Grimoire of Transmigration and Ice
106275 | Zig:25   | Got a translucent bone amulet
106276 | Zig:25   | Identified the amulet of Descent {Reflect rElec Str-4 Int+2
                  | SH+2} (You found it on level 25 of a ziggurat)
106290 | Zig:25   | Reached skill level 15 in Necromancy
106297 | Zig:26   | Entered Level 26 of a ziggurat
106322 | Zig:26   | Reached skill level 15 in Evocations
106495 | Zig:26   | Found the +3 sling "Punk" {acid, rCorr}
106607 | Zig:26   | Identified the Compendium of Boosts and Bewitchment
106614 | Zig:26   | Got a shimmering platinum ring
106615 | Zig:26   | Identified the ring "Tetor" {AC+6 Str+6} (You found it on
                  | level 26 of a ziggurat)
106624 | Zig:26   | Identified the ring of Plog {MR+ Str+2 Slay+3 SInv} (You
                  | found it on level 26 of a ziggurat)
106645 | Zig:26   | Identified Jualewaoku's Tome of Creation and Transmutation
106655 | Zig:27   | Entered Level 27 of a ziggurat
106678 | Zig:27   | Noticed a greater mummy
106680 | Zig:27   | Noticed a greater mummy
106681 | Zig:27   | Noticed a greater mummy
106682 | Zig:27   | Noticed a greater mummy
106683 | Zig:27   | Noticed a greater mummy
106683 | Zig:27   | Noticed a greater mummy
106685 | Zig:27   | Noticed a greater mummy
106686 | Zig:27   | Noticed a greater mummy
106687 | Zig:27   | Noticed a greater mummy
106687 | Zig:27   | Noticed a greater mummy
106687 | Zig:27   | Noticed a greater mummy
106688 | Zig:27   | Killed a greater mummy
106688 | Zig:27   | Killed a greater mummy
106688 | Zig:27   | Killed a greater mummy
106688 | Zig:27   | Killed a greater mummy
106688 | Zig:27   | Killed a greater mummy
106688 | Zig:27   | Killed a greater mummy
106688 | Zig:27   | Killed a greater mummy
106689 | Zig:27   | Killed a greater mummy
106690 | Zig:27   | Noticed a greater mummy
106690 | Zig:27   | Noticed a greater mummy
106691 | Zig:27   | Noticed a greater mummy
106691 | Zig:27   | Noticed a greater mummy
106692 | Zig:27   | Noticed a greater mummy
106692 | Zig:27   | Noticed a greater mummy
106692 | Zig:27   | Noticed a greater mummy
106693 | Zig:27   | Killed a greater mummy
106693 | Zig:27   | Killed a greater mummy
106694 | Zig:27   | Killed a greater mummy
106694 | Zig:27   | Killed a greater mummy
106694 | Zig:27   | Noticed a greater mummy
106695 | Zig:27   | Killed a greater mummy
106695 | Zig:27   | Killed a greater mummy
106695 | Zig:27   | Killed a greater mummy
106695 | Zig:27   | Killed a greater mummy
106695 | Zig:27   | Killed a greater mummy
106695 | Zig:27   | Killed a greater mummy
106698 | Zig:27   | Noticed a greater mummy
106701 | Zig:27   | Killed a greater mummy
106701 | Zig:27   | Noticed a greater mummy
106707 | Zig:27   | Killed a greater mummy
106708 | Zig:27   | Killed a greater mummy
107112 | Zig:27   | Found the +4 moon troll leather armour {Spirit, Regen++
                  | MP+5}
107140 | Zig:27   | Identified the +5 morningstar "Kamufoz" {crush, rC+ Int-3
                  | Dex+3} (You found it on level 27 of a ziggurat)
107160 | Zig:27   | Reached skill level 15 in Ice Magic
107914 | Zot:2    | Learned a level 5 spell: Dispel Undead
110384 | Zot:4    | Found a transporter.
110443 | Zot:4    | Found the +0 mask of the Dragon {MR+ Slay+3 SInv}
111684 | Zot:4    | Found a transporter.
111690 | Zot:4    | Identified Ehirph's Compendium of the Voyage
111699 | Zot:4    | Got a steaming lapis lazuli ring
111700 | Zot:4    | Identified the ring of Mecusu {*Corrode +Fly rC+ Stlth+}
                  | (You found it on level 4 of the Realm of Zot)
111751 | Zot:5    | Entered Level 5 of the Realm of Zot
112143 | Zot:5    | Reached skill level 27 in Fighting
112996 | Zot:5    | Noticed an orb of fire
113006 | Zot:5    | Killed an orb of fire
113216 | Zot:5    | Noticed an ancient lich
113223 | Zot:5    | Killed an ancient lich
113547 | Zot:5    | Noticed an ancient lich
113571 | Zot:5    | Killed an ancient lich
113766 | Zot:5    | Noticed an orb of fire
113769 | Zot:5    | Killed an orb of fire
113777 | Zot:5    | Noticed an ancient lich
113783 | Zot:5    | Killed an ancient lich
114258 | Zot:5    | Noticed an ancient lich
114273 | Zot:5    | Killed an ancient lich
114273 | Zot:5    | Reached skill level 27 in Spellcasting
114403 | Zot:5    | Noticed an ancient lich
114406 | Zot:5    | Noticed an orb of fire
114414 | Zot:5    | Reached skill level 1 in Transmutations
114416 | Zot:5    | Killed an ancient lich
114418 | Zot:5    | Killed an orb of fire
114850 | Zot:5    | Reached skill level 5 in Transmutations
115476 | Zig:1    | Entered Level 1 of a ziggurat
115628 | Zig:2    | Entered Level 2 of a ziggurat
115738 | Zig:3    | Entered Level 3 of a ziggurat
115912 | Zig:4    | Entered Level 4 of a ziggurat
116221 | Zig:5    | Entered Level 5 of a ziggurat
116226 | Zig:5    | Noticed Xoasalipt the pandemonium lord
116250 | Zig:5    | Killed Xoasalipt the pandemonium lord
116547 | Zig:6    | Entered Level 6 of a ziggurat
116606 | Zig:7    | Entered Level 7 of a ziggurat
116695 | Zig:8    | Entered Level 8 of a ziggurat
116708 | Zig:8    | Found the +10 morningstar "Eos" {elec, Halo rElec}
117147 | Zig:9    | Entered Level 9 of a ziggurat
117202 | Zig:9    | Identified the Collected Works on Doomed Feathers
117213 | Zig:9    | Identified the +0 helmet of Heppal {Dex+4 Stlth+} (You
                  | found it on level 9 of a ziggurat)
117219 | Zig:10   | Entered Level 10 of a ziggurat
117259 | Zig:10   | Identified the +2 helmet of Yxoghyc {Str+4} (You found it
                  | on level 10 of a ziggurat)
117270 | Zig:11   | Entered Level 11 of a ziggurat
117584 | Zig:12   | Entered Level 12 of a ziggurat
117686 | Zig:13   | Entered Level 13 of a ziggurat
117698 | Zig:13   | Noticed a greater mummy
117698 | Zig:13   | Noticed a greater mummy
117699 | Zig:13   | Noticed a greater mummy
117700 | Zig:13   | Killed a greater mummy
117701 | Zig:13   | Noticed a greater mummy
117702 | Zig:13   | Killed a greater mummy
117702 | Zig:13   | Killed a greater mummy
117703 | Zig:13   | Noticed a greater mummy
117705 | Zig:13   | Killed a greater mummy
117705 | Zig:13   | Noticed a greater mummy
117707 | Zig:13   | Killed a greater mummy
117710 | Zig:13   | Killed a greater mummy
117720 | Zig:13   | Found the ring of Phasing {EV+8}
117791 | Zig:13   | Identified the +0 pair of gloves "Goseosid" {rElec rPois
                  | MR+ Stlth+} (You found it on level 13 of a ziggurat)
117808 | Zig:13   | Got a fine jade amulet
117809 | Zig:13   | Identified the amulet "Poappoec" {Faith +Blink +Inv} (You
                  | found it on level 13 of a ziggurat)
117827 | Zig:14   | Entered Level 14 of a ziggurat
117834 | Zig:14   | Noticed a greater mummy
117839 | Zig:14   | Noticed a greater mummy
117840 | Zig:14   | Noticed a greater mummy
117841 | Zig:14   | Killed a greater mummy
117844 | Zig:14   | Killed a greater mummy
117844 | Zig:14   | Killed a greater mummy
117844 | Zig:14   | Noticed a greater mummy
117845 | Zig:14   | Noticed a greater mummy
117847 | Zig:14   | Killed a greater mummy
117848 | Zig:14   | Killed a greater mummy
118005 | Zig:14   | Identified the +6 flail of Indomitability {distort, rF-
                  | Dex+2 SInv} (You found it on level 14 of a ziggurat)
118013 | Zig:15   | Entered Level 15 of a ziggurat
118230 | Zig:15   | Got a steaming garnet amulet
118231 | Zig:15   | Identified the amulet "Cucock" {Faith +Inv rC+++ MP-9
                  | Slay-6} (You found it on level 15 of a ziggurat)
118235 | Zig:15   | Got a pitted turquoise ring
118237 | Zig:15   | Identified the ring of Lugonu's Benevolence {Ice rElec
                  | Int+2 Slay+3 Stlth-} (You found it on level 15 of a
                  | ziggurat)
118241 | Zig:15   | Identified the cursed +1 morningstar of Upheaval
                  | {antimagic, *Contam +Fly rC+ MP+9} (You found it on level
                  | 15 of a ziggurat)
118248 | Zig:16   | Entered Level 16 of a ziggurat
118263 | Zig:16   | Noticed Ikedao the pandemonium lord
118268 | Zig:16   | Noticed Ysiqoask the pandemonium lord
118268 | Zig:16   | Noticed Jeckaso the pandemonium lord
118270 | Zig:16   | Noticed Romif the pandemonium lord
118271 | Zig:16   | Killed Ikedao the pandemonium lord
118271 | Zig:16   | Noticed Hudihiyl the pandemonium lord
118272 | Zig:16   | Noticed Dacemp the pandemonium lord
118272 | Zig:16   | Noticed Plog the pandemonium lord
118272 | Zig:16   | Killed Jeckaso the pandemonium lord
118276 | Zig:16   | Killed Romif the pandemonium lord
118276 | Zig:16   | Killed Hudihiyl the pandemonium lord
118277 | Zig:16   | Killed Plog the pandemonium lord
118306 | Zig:16   | Paralysed by Ysiqoask for 7 turns
118309 | Zig:16   | Mangled by Ysiqoask the pandemonium lord

Levels and vault maps discovered:
D:1:      lightli_arrival_flooded_house, layout_loops_ring
D:2:      layout_basic
D:3:      layout_loops_cross, lemuel_crystal_altar
D:4:      layout_loops_ring, amethyst_overflow_temple_binary, first_ration,
          led_sif_book
D:5:      layout_basic, hex_medium
D:6:      layout_cave_pools, trog_three_pillars_becter
D:7:      layout_basic, xom_shifter_show, elyvilon_altar_5,
          minmay_temple_entry_fiery, enter_ossuary_5
D:8:      layout_gridville, nicolae_dithmenos_the_darkroom, kennysheep_mini,
          lair_entry_dummy
D:9:      layout_roguey, nicolae_ru_great_annihilating_truth,
          lemuel_crystal_altar, basic_altar, uniq_harold
D:10:     layout_rooms, hangedman_pestilent_swarm, small_statue_intersection
D:11:     layout_roguey [special_room_orc], erik_orc_3,
          portal_ice_cave_entry_imps
D:12:     layout_roguey, enter_trove_6, chequers_jeans
D:13:     layout_rooms, basic_altar, solitary_fountain
D:14:     minmay_shoctagon, layout_long_grid, ximxim_vaults_locker_room,
          eino_curves_03, minmay_guarded_unrand_vampires_tooth
D:15:     grunt_enter_depths_giant_problem, layout_stronghold, basic_altar,
          minmay_misc_feat_secret_circle
Temple:   nicolae_temple_figure_eight
Lair:1:   layout_small_grid, grunt_forest_large_clearings,
          infiniplex_staircase_pool
Lair:2:   layout_hall_layers
Lair:3:   layout_cave_pods, minmay_shoals_entry_hut
Lair:4:   layout_loops_ring, guppyfry_snake_entry_island, tgw_fedhas
Lair:5:   layout_regular_city, nicolae_slime_entry_slimehenge,
          eino_small_chamber_without_monster, minmay_lair_oklob_chamber,
          lemuel_fruit_fields
Lair:6:   hangedman_lair_in_review, layout_regular_city,
          hangedman_lair_caniforms_friends, lightli_volcano_entry_magma_tube
Shoals:1: layout_shoals, ebering_ghost_inner_flame, serial_shops,
          nicolae_shop_crystal, uniq_josephine
Shoals:2: layout_shoals, hangedman_shoals_cup_caves, uniq_polyphemus
Shoals:3: cheibrodos_shoals_satyrical_garden, layout_shoals, serial_shops,
          nicolae_shop_trees, nicolae_shoals_hunting_party
Shoals:4: shoals_end_hangedman, layout_shoals, shoals_ilsuiw_alternative,
          serial_shops, nicolae_shop_stone, nicolae_shoals_isolated_beach
Snake:1:  layout_honeycomb, basic_altar, hangedman_snake_pattern,
          serial_bayou_shore_b, uniq_asterion
Snake:2:  layout_chambers, serial_shops, shop, lemuel_fruit_tree, uniq_louise
Snake:3:  layout_basic, gammafunk_ghost_split, serial_bayou_pond_a,
          serial_bayou_pond_e, drop_trap, uniq_vashnia
Snake:4:  grunt_snake_rune_serpentine_throne, layout_rooms, serial_shops,
          nicolae_shop_overgrown_old_shop, shop_statue, st_stairs_4
Slime:1:  layout_caves
Slime:2:  layout_caves
Slime:3:  layout_caves
Slime:4:  layout_caves
Slime:5
Orc:1:    layout_caves
Orc:2:    grunt_orc_community_town_hall, layout_diamond_mine,
          grunt_orc_community_big_house_2, grunt_orc_community_big_house_1,
          grunt_orc_community_house_2, grunt_orc_community_house_2,
          grunt_orc_community_house_3, grunt_orc_community_house_1,
          grunt_orc_community_house_2, grunt_orc_community_house_2, basic_altar,
          mines4_lemuel, uniq_azrael
Elf:1:    eino_elf_arrival_customs, layout_gridlike, ebering_ghost_rock_garden,
          hangedman_elven_crosses_minicolossus
Elf:2:    layout_onion_city, ebering_ghost_gozag, infiniplex_enter_wizlab_water,
          minivault_25
Elf:3:    minmay_elf_hall, layout_loops_cross, glass_columns_c
Vaults:1: v_misc_18, st_greater_box_3, nicolae_vaults_diagonal_hallway_9,
          vaults_room_door_hall, v_rooms_1, hangedman_vaults_stagger,
          hangedman_vaults_slice, vaults_dpeg_ring, nicolae_vaults_little_ls,
          layout_vaults_omnigrid, portal_desolation_entry_nicolae_slug,
          uniq_aizul
Vaults:2: minmay_crypt_entry_necro_gods, nicolae_vaults_rhombus_5,
          nicolae_vaults_hallways_thing, vaults_dpeg_cross, v_misc_2,
          vaults_mumra_hexcomb, nicolae_vaults_little_squares_6, v_misc_17,
          vaults_dpeg_doors, nicolae_vaults_network_quinsquares
          [nicolae_vaults_network_quincunx_subvault,
          nicolae_vaults_network_quincunx_subvault,
          nicolae_vaults_network_quincunx_subvault,
          nicolae_vaults_network_quincunx_subvault], vaults_mumra_hex,
          nicolae_vaults_network_star, nicolae_vaults_network_square,
          nicolae_vaults_little_squares_5, layout_vaults_omnibox
Vaults:3: vaults_room_hallway, v_pattern_4, v_misc_8, v_misc_26,
          nicolae_vaults_know_your_exits, v_misc_5,
          nicolae_vaults_specimen_jars, hangedman_vaults_stream,
          vaults_dpeg_spiral, nicolae_vaults_circle_grid_b, v_misc_8,
          vaults_room_pool, vaults_mumra_minichess, layout_vaults_maze_snakey
Vaults:4: st_quartered_hall, v_misc_18, v_misc_2, ontoclasm_vaults_fault,
          v_misc_28, vaults_mumra_lcd, vaults_room_ringed_pool,
          dpeg_vaults_monster_box, v_misc_12, ontoclasm_vaults_shuriken,
          v_misc_33, ontoclasm_vaults_gateway, ontoclasm_vaults_twist, v_misc_8,
          vaults_room_semicircle, layout_vaults_ring, uniq_jory
Vaults:5
Crypt:1:  layout_catacombs, grunt_crypt_arrival_split
Crypt:2:  layout_gridlike, minivault_24, st_stairs_8
Crypt:3:  lightli_unholy_cathedral, layout_chaotic_city,
          nicolae_tomb_entry_rubble_hallway
Depths:1: layout_gridlike, grunt_hell_entry_dis_old, minmay_misc_feat_cross,
          minmay_variable_closet, lightli_fourway_metalbox
Depths:2: kennysheep_large_vault, layout_basic, enter_ziggurat_a, pan_entry,
          dk_noncrumbling_4, lightli_too_deep
Depths:3: minmay_tearing_corner, layout_long_grid, hangedman_coc_ice_floe,
          rand_demon_pan_entry_4, nrook_campfire, serial_bayou_shore_b,
          infiniplex_staircase_zigzag_2, uniq_enchantress, uniq_margery
Depths:4: grunt_profane_halls [grunt_profane_temple_tar,
          grunt_profane_temple_geh, grunt_profane_temple_dis,
          grunt_profane_temple_coc, grunt_profane_loot], hell_entry, abyss_entry
Depths:5: evilmike_zot_entry_diamond, layout_cave_shapes,
          nicolae_abyss_entry_one_way_or_another, basic_altar,
          pf_vacation_house_of_asmodeus
Zot:1:    layout_basic
Zot:2:    layout_misc_corridors
Zot:3:    layout_onion, grunt_megastairs_3
Zot:4:    layout_twisted_circle, st_stairs_1,
          chequers_guarded_unrand_mask_of_the_dragon
Zot:5:    layout_gridlike
Zig:16

Skill      XL: |  1  2  3  4  5  6  7  8  9 10 11 12 13 14 15 16 17 18 19 20 21 22 23 24 25 26 27 |
---------------+----------------------------------------------------------------------------------+-----
Earth Magic    | 4 5 6 7 8 9 10 11 12 13 14 15 16 17 18 20 21 24 | 24.5
Spellcasting   | 3 4 5 6 7 8 9 10 11 12 13 14 15 16 18 19 27 | 27.0
Conjurations   | 2 3 4 5 6 7 8 9 10 11 12 13 14 15 16 19 | 19.3
Armour         | 2 3 5 6 7 8 |  8.0
Fighting       | 2 4 5 6 7 8 9 10 11 12 13 14 15 16 27 | 27.0
Maces & Flails | 2 3 4 5 6 7 8 9 10 11 12 13 14 | 14.0
Dodging        | 2 3 4 5 6 7 8 9 10 11 12 13 16 | 16.0
Evocations     | 2 3 4 5 6 16 | 16.2
Fire Magic     | 3 6 7 9 10 12 13 14 15 16 17 19 20 23 | 23.8
Shields        | 5 |  5.0
Necromancy     | 18 | 18.0
Ice Magic      | 23 | 23.8
Transmutations | 5 |  5.0
Stealth        | |  2.1

Action                   |  1- 3 |  4- 6 |  7- 9 | 10-12 | 13-15 | 16-18 | 19-21 | 22-24 | 25-27 || total
-------------------------+-------+-------+-------+-------+-------+-------+-------+-------+-------++-------
Melee: Dagger            |    15 |   271 |   164 |       |       |       |       |       |       ||   450
       Whip              |    51 |     6 |       |       |       |       |       |       |       ||    57
       Morningstar       |       |       |   171 |    88 |       |       |       |       |       ||   259
       Mace              |       |       |       |   528 |  1003 |   998 |   235 |   127 |  1092 ||  3983
       Headbutt          |       |       |       |       |       |       |       |     3 |   162 ||   165
       Staff             |       |       |       |       |       |       |       |       |    49 ||    49
Throw: Stone             |       |       |       |       |       |     1 |     2 |     1 |       ||     4
       Throwing net      |       |       |       |       |       |     2 |       |       |       ||     2
 Cast: Sandblast         |    20 |    22 |    74 |    71 |   140 |   165 |    15 |    37 |       ||   544
       Lee's Rapid Decon |       |     1 |    10 |    39 |    43 |   123 |    99 |    91 |    60 ||   466
       Stone Arrow       |       |     2 |       |    11 |       |     8 |       |       |     1 ||    22
       Bolt of Magma     |       |       |       |    12 |    91 |    19 |       |       |       ||   122
       Iron Shot         |       |       |       |     9 |    85 |    83 |    86 |    46 |   401 ||   710
       Bolt of Fire      |       |       |       |       |    21 |   160 |   261 |   189 |   225 ||   856
       Poison Arrow      |       |       |       |       |       |    32 |       |       |       ||    32
       Fireball          |       |       |       |       |       |     2 |    25 |    28 |     4 ||    59
       Shatter           |       |       |       |       |       |       |    10 |    64 |   332 ||   406
       Ignition          |       |       |       |       |       |       |       |       |   127 ||   127
       Fire Storm        |       |       |       |       |       |       |       |       |   143 ||   143
       Glaciate          |       |       |       |       |       |       |       |       |    66 ||    66
       Dispel Undead     |       |       |       |       |       |       |       |       |    19 ||    19
       Necromutation     |       |       |       |       |       |       |       |       |     4 ||     4
 Abil: Fly               |       |       |       |       |     1 |       |       |       |       ||     1
Evoke: Wand              |       |       |       |    11 |     4 |    22 |    11 |     6 |    12 ||    66
       Lamp of fire      |       |       |       |       |       |       |     1 |     1 |     1 ||     3
       Box of beasts     |       |       |       |       |       |       |       |     1 |       ||     1
       Figurine of a zig |       |       |       |       |       |       |       |       |     1 ||     1
  Use: Scroll            |     4 |     5 |     9 |     5 |    18 |    15 |    17 |     6 |    64 ||   143
       Potion            |       |       |       |     5 |     9 |     9 |    12 |    10 |    52 ||    97
 Stab: Sleeping          |     4 |     3 |     4 |     2 |     1 |     4 |     2 |     1 |     5 ||    26
       Paralysed         |       |       |       |     1 |       |       |       |       |       ||     1
       Distracted        |       |       |       |       |     2 |     1 |     1 |       |     3 ||     7
       Petrified         |       |       |       |       |     5 |       |       |       |       ||     5
       Invisible         |       |       |       |       |     4 |    13 |     1 |       |     3 ||    21
       Petrifying        |       |       |       |       |     1 |       |       |       |       ||     1
       Held in net/web   |       |       |       |       |       |     1 |       |       |       ||     1
  Eat: Chunk             |     1 |     8 |    14 |    27 |    43 |    40 |    20 |    14 |   179 ||   346
       Ration            |       |       |     1 |     2 |    12 |    23 |    12 |    13 |    21 ||    84
Armor: Robe              |    27 |   125 |   195 |   265 |   246 |       |       |       |       ||   858
       Leather armour    |       |       |       |       |   262 |   649 |   187 |   101 |   342 ||  1541
       Acid dragon scale |       |       |       |       |       |       |       |       |   617 ||   617
Dodge: Dodged            |    44 |   188 |   256 |   494 |   818 |   863 |   243 |   160 |  1309 ||  4375
Block: Other             |       |    45 |    46 |    97 |   133 |   128 |    19 |       |       ||   468
       Reflection        |       |       |     1 |     2 |     1 |     6 |     8 |    24 |       ||    42
       Buckler           |       |       |       |       |       |       |    68 |   124 |   613 ||   805

Table legend:
 A = Non-vault XP
 B = Vault XP
 C = Vault XP percentage of total XP
 D = Non-vault monster count
 E = Vault monster count
 F = Vault count percentage of total count
                 A         B        C        D         E       F
            +---------+---------+-------+---------+---------+-------
      Total | 2561527 | 1137981 |  30.8 |    3158 |    1312 |  29.4
            +---------+---------+-------+---------+---------+-------
        D:1 |      38 |       0 |   0.0 |      24 |       0 |   0.0
        D:2 |     178 |       0 |   0.0 |      15 |       0 |   0.0
        D:3 |     155 |       0 |   0.0 |      26 |       0 |   0.0
        D:4 |     993 |      75 |   7.0 |      39 |       2 |   4.9
        D:5 |     654 |       0 |   0.0 |      25 |       0 |   0.0
        D:6 |     798 |       0 |   0.0 |      14 |       0 |   0.0
        D:7 |     768 |       0 |   0.0 |      19 |       0 |   0.0
        D:8 |    1734 |       0 |   0.0 |      34 |       0 |   0.0
        D:9 |    1996 |    1035 |  34.1 |      14 |       5 |  26.3
       D:10 |    2922 |     665 |  18.5 |      28 |       4 |  12.5
       D:11 |    2560 |    1349 |  34.5 |      25 |      49 |  66.2
       D:12 |    4777 |       0 |   0.0 |      24 |       0 |   0.0
       D:13 |    6315 |     184 |   2.8 |      34 |       1 |   2.9
       D:14 |   14454 |   10174 |  41.3 |      37 |      25 |  40.3
       D:15 |    5127 |    1812 |  26.1 |      16 |       1 |   5.9
     Lair:1 |    1072 |    3236 |  75.1 |       4 |      28 |  87.5
     Lair:2 |    3406 |       0 |   0.0 |      18 |       0 |   0.0
     Lair:3 |    3905 |     268 |   6.4 |      16 |       1 |   5.9
     Lair:4 |    5703 |     770 |  11.9 |      26 |       2 |   7.1
     Lair:5 |   10680 |    2947 |  21.6 |      23 |      12 |  34.3
     Lair:6 |   12381 |   20517 |  62.4 |      44 |      76 |  63.3
   Shoals:1 |   22400 |    1914 |   7.9 |      45 |       5 |  10.0
   Shoals:2 |    7547 |   11620 |  60.6 |      15 |      16 |  51.6
   Shoals:3 |   16524 |    8218 |  33.2 |      36 |      14 |  28.0
   Shoals:4 |   12402 |   27607 |  69.0 |      27 |      38 |  58.5
    Snake:1 |   17889 |    2479 |  12.2 |      37 |       1 |   2.6
    Snake:2 |    9935 |    1649 |  14.2 |      18 |       1 |   5.3
    Snake:3 |   16127 |    8856 |  35.4 |      26 |       6 |  18.8
    Snake:4 |    7160 |   45074 |  86.3 |      13 |      66 |  83.5
    Slime:1 |    2929 |       0 |   0.0 |       2 |       0 |   0.0
    Slime:2 |    6138 |       0 |   0.0 |      12 |       0 |   0.0
    Slime:3 |    3286 |       0 |   0.0 |       5 |       0 |   0.0
    Slime:4 |   21043 |       0 |   0.0 |      44 |       0 |   0.0
    Slime:5 |   14517 |   27434 |  65.4 |      27 |      11 |  28.9
      Orc:1 |    2826 |       0 |   0.0 |      21 |       0 |   0.0
      Orc:2 |    1011 |   10236 |  91.0 |      20 |      89 |  81.7
      Elf:1 |   18176 |   13388 |  42.4 |      27 |      21 |  43.8
      Elf:2 |   14107 |   10887 |  43.6 |      22 |      12 |  35.3
      Elf:3 |   25137 |   48874 |  66.0 |      41 |      30 |  42.3
   Vaults:1 |   19275 |   56450 |  74.5 |      42 |      68 |  61.8
   Vaults:2 |   43539 |   23027 |  34.6 |      63 |      26 |  29.2
   Vaults:3 |   23179 |   15359 |  39.9 |      36 |      29 |  44.6
   Vaults:4 |   19905 |   45032 |  69.3 |      39 |      41 |  51.2
   Vaults:5 |   38068 |  151325 |  79.9 |      50 |     103 |  67.3
    Crypt:1 |   45600 |       0 |   0.0 |      56 |       0 |   0.0
    Crypt:2 |   10954 |    2093 |  16.0 |      18 |       2 |  10.0
    Crypt:3 |   44474 |   39896 |  47.3 |      54 |      29 |  34.9
   Depths:1 |   31322 |    4539 |  12.7 |      47 |       5 |   9.6
   Depths:2 |   51473 |   66403 |  56.3 |      70 |      47 |  40.2
   Depths:3 |   37910 |   76555 |  66.9 |      43 |      44 |  50.6
   Depths:4 |    1219 |  104779 |  98.8 |       2 |     127 |  98.4
   Depths:5 |   48043 |   19625 |  29.0 |      40 |      11 |  21.6
      Zot:1 |   64980 |       0 |   0.0 |      41 |       0 |   0.0
      Zot:2 |   51267 |       0 |   0.0 |      27 |       0 |   0.0
      Zot:3 |   32222 |    2480 |   7.1 |      21 |       2 |   8.7
      Zot:4 |   60471 |   42227 |  41.1 |      36 |      20 |  35.7
      Zot:5 |   79302 |  146933 |  64.9 |      46 |      38 |  45.2
      Zig:1 |    4365 |       0 |   0.0 |       5 |       0 |   0.0
      Zig:2 |    4759 |       0 |   0.0 |      11 |       0 |   0.0
      Zig:3 |   10902 |       0 |   0.0 |      11 |       0 |   0.0
      Zig:4 |   13462 |       0 |   0.0 |      18 |       0 |   0.0
      Zig:5 |   30216 |       0 |   0.0 |      17 |       0 |   0.0
      Zig:6 |   22973 |       0 |   0.0 |      16 |       0 |   0.0
      Zig:7 |   30953 |    1974 |   6.0 |      47 |       4 |   7.8
      Zig:8 |   31916 |       0 |   0.0 |      42 |       0 |   0.0
      Zig:9 |   31709 |       0 |   0.0 |      38 |       0 |   0.0
     Zig:10 |   32116 |       0 |   0.0 |      61 |       0 |   0.0
     Zig:11 |   50230 |       0 |   0.0 |      70 |       0 |   0.0
     Zig:12 |   55281 |       0 |   0.0 |      70 |       0 |   0.0
     Zig:13 |   81637 |       0 |   0.0 |      72 |       0 |   0.0
     Zig:14 |   88661 |       0 |   0.0 |      86 |       0 |   0.0
     Zig:15 |   73879 |    2648 |   3.5 |      95 |       4 |   4.0
     Zig:16 |  105862 |       0 |   0.0 |      57 |       0 |   0.0
     Zig:17 |   51621 |       0 |   0.0 |      32 |       0 |   0.0
     Zig:18 |   43659 |       0 |   0.0 |      51 |       0 |   0.0
     Zig:19 |   67041 |       0 |   0.0 |      41 |       0 |   0.0
     Zig:20 |   38389 |       0 |   0.0 |      62 |       0 |   0.0
     Zig:21 |   60058 |     200 |   0.3 |      61 |       4 |   6.2
     Zig:22 |   50588 |      66 |   0.1 |      55 |       2 |   3.5
     Zig:23 |   70307 |       0 |   0.0 |     130 |       0 |   0.0
     Zig:24 |  148131 |    2495 |   1.7 |      43 |       4 |   8.5
     Zig:25 |  104587 |       0 |   0.0 |      65 |       0 |   0.0
     Zig:26 |   77258 |       0 |   0.0 |      95 |       0 |   0.0
     Zig:27 |  165144 |       0 |   0.0 |     102 |       0 |   0.0
    Ossuary |       0 |     963 | 100.0 |       0 |      25 | 100.0
      IceCv |       0 |   13238 | 100.0 |       0 |      55 | 100.0
    Volcano |       0 |    1664 | 100.0 |       0 |       4 | 100.0
     WizLab |   12850 |    5165 |  28.7 |      31 |       5 |  13.9
 Desolation |       0 |   51577 | 100.0 |       0 |      97 | 100.0
            +---------+---------+-------+---------+---------+-------
